Workbook

Sheet Português
H3: Relações com Investidores
H4: E-mail para dúvidas: ri@materdei.com.br
D6: 2018 | E6: 2019 | F6: 2020 | G6: 2021 | H6: 2022 | I6: 2023 | J6: 2024 | K6: 2025 | L6: 6M26 | N6: 1T20 | O6: 2T20 | P6: 3T20 | Q6: 4T20 | R6: 1T21 | S6: 2T21 | T6: 3T21 | U6: 4T21 | V6: 1T22 | W6: 2T22 | X6: 3T22 | Y6: 4T22 | Z6: 1T23 | AA6: 2T23 | AB6: 3T23 | AC6: 4T23 | AD6: 1T24 | AE6: 2T24 | AF6: 3T24 | AG6: 4T24 | AH6: 1T25 | AI6: 2T25 | AJ6: 3T25 | AK6: 4T25 | AL6: 1T26 | AM6: 2T26
B7: Indicadores operacionais
B8: Capacidade (EoP) | D8: 675 | E8: 1081 | F8: 1081 | G8: 1469 | H8: 2497 | I8: =+H8 -> 2497 | J8: 2212 | K8: 2212 | L8: 2212 | N8: 1081 | O8: 1081 | P8: 1081 | Q8: 1081 | R8: 1081 | S8: 1081 | T8: 1081 | U8: =G8 -> 1469 | V8: 1829 | W8: 2324 | X8: 2497 | Y8: 2497 | Z8: 2497 | AA8: =Z8 -> 2497 | AB8: =AA8 -> 2497 | AC8: =+AB8 -> 2497 | AD8: 2497 | AE8: 2497 | AF8: 2212 | AG8: 2212 | AH8: 2212 | AI8: 2212 | AJ8: 2212 | AK8: 2212 | AL8: 2212 | AM8: 2212
B9: Leitos operacionais (AoP) | D9: 433 | E9: 508.66027 | F9: 524.43989 | G9: 653 | H9: 1290 | I9: 1561.6274 | J9: 1463.2049 | K9: 1212.7589 | L9: 1197 | N9: 515.59341 | O9: 497.76923 | P9: 515.09783 | Q9: 569 | R9: 624.46667 | S9: 646.32967 | T9: 573.97826 | U9: 767 | V9: 967.33333 | W9: 1281 | X9: 1411 | Y9: 1494 | Z9: 1533 | AA9: 1572 | AB9: 1590 | AC9: 1551 | AD9: 1534 | AE9: 1602 | AF9: 1532 | AG9: 1187.4239 | AH9: 1166 | AI9: 1231 | AJ9: 1246 | AK9: 1207.0435 | AL9: 1168 | AM9: 1225
B10: Leitos utilizados (AoP) | D10: 312.91781 | E10: 343.4274 | F10: 319.31148 | G10: 457 | H10: 903 | I10: 1107.7781 | J10: 1097.3661 | K10: 919.99178 | L10: 940.842 | N10: 326.82418 | O10: 261.92308 | P10: 326.78261 | Q10: 361 | R10: 425.46667 | S10: 482.6044 | T10: 389.57609 | U10: 531 | V10: 725.7158 | W10: 906 | X10: 974.70652 | Y10: =Y11*Y9 -> 1000.98 | Z10: 1084 | AA10: 1145 | AB10: 1107 | AC10: 1095 | AD10: 1214 | AE10: 1211 | AF10: 1115 | AG10: 851.63043 | AH10: 865.172 | AI10: 959.79045 | AJ10: 951 | AK10: 903.71739 | AL10: 918.048 | AM10: 964.075
B11: Taxa de ocupação operacional (AoP) | D11: =D10/D9 -> 0.72267392 | E11: =E10/E9 -> 0.67516064 | F11: =F10/F9 -> 0.60886191 | G11: =G10/G9 -> 0.69984686 | H11: =H10/H9 -> 0.7 | I11: 0.70937413 | J11: 0.74997432 | K11: =K10/K9 -> 0.75859413 | L11: 0.786 | N11: =N10/N9 -> 0.63387966 | O11: =O10/O9 -> 0.52619379 | P11: 0.63440883 | Q11: =Q10/Q9 -> 0.6344464 | R11: =R10/R9 -> 0.68132807 | S11: =S10/S9 -> 0.74668458 | T11: =T10/T9 -> 0.67872969 | U11: =U10/U9 -> 0.69230769 | V11: =V10/V9 -> 0.75022309 | W11: =W10/W9 -> 0.70725995 | X11: =X10/X9 -> 0.6907913 | Y11: 0.67 | Z11: =Z10/Z9 -> 0.70711024 | AA11: =AA10/AA9 -> 0.7283715 | AB11: =AB10/AB9 -> 0.69622642 | AC11: =AC10/AC9 -> 0.70599613 | AD11: =AD10/AD9 -> 0.79139505 | AE11: =AE10/AE9 -> 0.75593009 | AF11: =AF10/AF9 -> 0.72780679 | AG11: 0.71720843 | AH11: 0.742 | AI11: 0.77968355 | AJ11: =AJ10/AJ9 -> 0.76324238 | AK11: =AK10/AK9 -> 0.74870326 | AL11: 0.786 | AM11: 0.787
B12: Ticket médio (R$ Milhões por leito utilizado) | D12: =D17/D10/1000 -> 2.1402809 | E12: =E17/E10/1000 -> 2.2715922 | F12: =F17/F10/1000 -> 2.414041 | G12: =G17/G10/1000 -> 2.4124289 | H12: =H17/H10/1000 -> 2.1896228 | I12: =I17/I10/1000 -> 2.241309 | J12: 2.2936903 | K12: 2.6605956 | L12: 2.86 | N12: =(N17/(N10*91))*365/1000 -> 2.2404282 | O12: =(O17/(O10*91))*365/1000 -> 2.3868374 | P12: =(P17/(P10*92))*365/1000 -> 2.5413781 | Q12: =(Q17/(Q10*92))*365/1000 -> 2.4517187 | R12: =(R17/(R10*90))*365/1000 -> 2.3287385 | S12: =(S17/(S10*91))*365/1000 -> 2.3975705 | T12: =(T17/(T10*92))*365/1000 -> 2.6541909 | U12: =(U17/(U10*92))*365/1000 -> 2.3092235 | V12: =(V17/(V10*90))*365/1000 -> 2.1709184 | W12: =(W17/(W10*91))*365/1000 -> 2.1803856 | X12: =(X17/(X10*92))*365/1000 -> 2.1508471 | Y12: =(Y17/(Y10*92))*365/1000 -> 2.2506149 | Z12: =(Z17/(Z10*90))*365/1000 -> 2.1893041 | AA12: =(AA17/(AA10*91))*365/1000 -> 2.1699661 | AB12: =(AB17/(AB10*92))*365/1000 -> 2.3095665 | AC12: =(AC17/(AC10*92))*365/1000 -> 2.2964565 | AD12: =(AD17/(AD10*91))*366/1000 -> 2.1896887 | AE12: =(AE17/(AE10*91))*366/1000 -> 2.2026524 | AF12: =(AF17/(AF10*92))*366/1000 -> 2.302678 | AG12: 2.5575202 | AH12: 2.6356769 | AI12: 2.55 | AJ12: 2.67 | AK12: 2.7911166 | AL12: 2.86 | AM12: 2.87
B16: Demonstração do Resultado do Exercício (R$ Mil) - Consolidado | D16: 2018 | E16: 2019 | F16: 2020 | G16: 2021 | H16: 2022 | I16: 2023 | J16: 2024 | K16: 2025 | L16: 6M26 | N16: 1T20 | O16: 2T20 | P16: 3T20 | Q16: 4T20 | R16: 1T21 | S16: 2T21 | T16: 3T21 | U16: 4T21 | V16: 1T22 | W16: 2T22 | X16: 3T22 | Y16: 4T22 | Z16: 1T23 | AA16: 2T23 | AB16: 3T23 | AC16: 4T23 | AD16: 1T24 | AE16: 2T24 | AF16: 3T24 | AG16: 4T24 | AH16: 1T25 | AI16: 2T25 | AJ16: 3T25 | AK16: 4T25 | AL16: 1T26 | AM16: 2T26
B17: Receita bruta | D17: =SUM(D18:D20) -> 669732 | E17: =SUM(E18:E20) -> 780127 | F17: =SUM(F18:F20) -> 770831 | G17: =SUM(G18:G20) -> 1102480 | H17: =SUM(H18:H20) -> 1977229.4 | I17: =SUM(I18:I20) -> 2482873 | J17: =SUM(J18:J20) -> 2517018 | K17: 2442297 | L17: 1332783 | N17: =SUM(N18:N20) -> 182555 | O17: =SUM(O18:O20) -> 155863.75 | P17: =SUM(P18:P20) -> 209326 | Q17: =SUM(Q18:Q20) -> 223086.25 | R17: =SUM(R18:R20) -> 244307 | S17: =SUM(S18:S20) -> 288477 | T17: =SUM(T18:T20) -> 260627 | U17: =SUM(U18:U20) -> 309069 | ... AE17: =SUM(AE18:AE20) -> 663209 | AF17: 645379 | AG17: 547491 | AH17: 560355 | AI17: 609862 | AJ17: 637565 | AK17: 634515 | AL17: 644322 | AM17: 688461
B18: Convênios | D18: 627463 | E18: 727808 | F18: 708037 | G18: 1012784 | H18: =SUM(V18:Y18) -> 1839190.4 | I18: 2314041 | J18: 2325779 | K18: 2263840 | L18: 1238524 | N18: 168270 | O18: 143910.75 | P18: 188899 | Q18: =F18-SUM(N18:P18) -> 206957.25 | R18: 222167 | S18: 263231 | T18: 240826 | U18: 286560 | V18: 363607 | W18: 455345.74 | X18: 491556.93 | Y18: 528680.77 | Z18: 544767 | AA18: 578623 | AB18: 596143 | AC18: 594508 | AD18: 613499 | AE18: 612081 | AF18: 596398 | AG18: 503801 | AH18: 517268 | AI18: 565214 | AJ18: 591490 | AK18: 589868 | AL18: 597269 | AM18: 641255
B19: Particulares | D19: 28174 | E19: 36298 | F19: 46627 | G19: 71171 | H19: =SUM(V19:Y19) -> 113108 | I19: 139425 | J19: 157318 | K19: 142152 | L19: 73455 | N19: 9250 | O19: 7636 | P19: 14463 | Q19: =F19-SUM(N19:P19) -> 15278 | R19: 17741 | S19: 21135 | T19: 14818 | U19: 17477 | V19: 19211 | W19: 31141.565 | X19: 30994 | Y19: 31761.435 | Z19: 32771 | AA19: 33680 | AB19: 39151 | AC19: 33823 | AD19: 39139 | AE19: 42279 | AF19: 40239 | AG19: 35661 | AH19: 33865 | AI19: 35602 | AJ19: 36877 | AK19: 35808 | AL19: 36975 | AM19: 36480
B20: Outras receitas | D20: 14095 | E20: 16021 | F20: 16167 | G20: 18525 | H20: =SUM(V20:Y20) -> 24931 | I20: =18557+10758+92 -> 29407 | J20: 33921 | K20: 36305 | L20: 20804 | N20: 5035 | O20: 4317 | P20: 5964 | Q20: =F20-SUM(N20:P20) -> 851 | R20: 4399 | S20: 4111 | T20: 4983 | U20: 5032 | V20: 5654 | W20: 6017 | X20: 5868 | Y20: 7392 | Z20: =2435+913+4288 -> 7636 | AA20: 7148 | AB20: 9132 | AC20: 5491 | AD20: =3228+59+5014 -> 8301 | AE20: =5410+3439 -> 8849 | AF20: 8742 | AG20: 8029 | AH20: 9222 | AI20: 9046 | AJ20: 9198 | AK20: 8839 | AL20: 10078 | AM20: 10726
B21: Impostos, deduções e glosas¹ | D21: -43176 | E21: -47488 | F21: -52970 | G21: -78167 | H21: =SUM(V21:Y21) -> -214097.43 | I21: =-133943-7157-154108 -> -295208 | J21: -291017 | K21: -267012 | L21: -144192 | N21: -12314 | O21: -11888 | P21: -13968 | Q21: =F21-SUM(N21:P21) -> -14800 | R21: -17547 | S21: -19547 | T21: -20225 | U21: -20848 | V21: -45745 | W21: -58097.124 | X21: -54534.926 | Y21: -55720.38 | Z21: -61115 | AA21: -65296 | AB21: -76199 | AC21: -92598 | AD21: -78140 | AE21: =-34674-2530-40662 -> -77866 | AF21: -74558 | AG21: -60453 | AH21: -61037 | AI21: -64055 | AJ21: -69708 | AK21: -72212 | AL21: -69364 | AM21: -74828
B22: Receita líquida | D22: =SUM(D17,D21) -> 626556 | E22: =SUM(E17,E21) -> 732639 | F22: =SUM(F17,F21) -> 717861 | G22: =SUM(G17,G21) -> 1024313 | H22: =SUM(H17,H21) -> 1763132 | I22: =SUM(I17,I21) -> 2187665 | J22: 2226001 | K22: 2175285 | L22: 1188591 | N22: =SUM(N17,N21) -> 170241 | O22: =SUM(O17,O21) -> 143975.75 | P22: =SUM(P17,P21) -> 195358 | Q22: =SUM(Q17,Q21) -> 208286.25 | R22: =SUM(R17,R21) -> 226760 | S22: =SUM(S17,S21) -> 268930 | T22: =SUM(T17,T21) -> 240402 | U22: =SUM(U17,U21) -> 288221 | ... W22: =SUM(W17,W21) -> 434407.18 | X22: =SUM(X18:X21) -> 473884 | Y22: =SUM(Y18:Y21) -> 512113.82 | Z22: =SUM(Z18:Z21) -> 524059 | AA22: =SUM(AA18:AA21) -> 554155 | AB22: =SUM(AB18:AB21) -> 568227 | AC22: =SUM(AC18:AC21) -> 541224 | AD22: =SUM(AD18:AD21) -> 582799 | AE22: =SUM(AE18:AE21) -> 585343 | ... AG22: =SUM(AG18:AG21) -> 487038 | AH22: 499318 | AI22: 545807 | AJ22: 567857 | AK22: 562303 | AL22: 574958 | AM22: 613633
B23: Custo dos serviços prestados | D23: =SUM(D24:D29) -> -341640.35 | E23: =SUM(E24:E29) -> -396956 | F23: =SUM(F24:F29) -> -455665 | G23: =SUM(G24:G29) -> -619652 | H23: =SUM(H24:H29) -> -1139945 | I23: =SUM(I24:I29) -> -1475816 | J23: -1555404 | K23: -1523868 | L23: -827938 | N23: =SUM(N24:N29) -> -110159 | O23: =SUM(O24:O29) -> -104386 | P23: =SUM(P24:P29) -> -112867.6 | Q23: =SUM(Q24:Q29) -> -128252.4 | R23: =SUM(R24:R29) -> -137895 | S23: =SUM(S24:S29) -> -149990.6 | T23: =SUM(T24:T29) -> -156084 | U23: =SUM(U24:U29) -> -175682.4 | ... AF23: =SUM(AF24:AF29) -> -397247 | AG23: -358011 | AH23: -355530 | AI23: -380981.94 | AJ23: -396737.06 | AK23: -390619 | AL23: -401037 | AM23: -426901
B24: Materiais e Medicamentos | D24: -161439 | E24: -178904.75 | F24: -194181 | G24: -283228 | H24: =SUM(V24:Y24) -> -426534 | I24: -528486 | J24: -547158 | K24: -579991 | L24: -325881 | N24: -45936 | O24: -41531 | P24: -48927 | Q24: =F24-SUM(N24:P24) -> -57787 | R24: -65905 | S24: -71005 | T24: -73123 | U24: -73195 | V24: -89377 | W24: -99666.085 | X24: -115892 | Y24: -121598.91 | Z24: -125526 | AA24: -134909 | AB24: -135431 | AC24: -132620 | AD24: -133559 | AE24: =-148187 -> -148187 | AF24: -135669 | AG24: -129743 | AH24: -129756 | AI24: -147156 | AJ24: -154787 | AK24: -148292 | AL24: -155683 | AM24: -170198
B25: Pessoal | D25: -62839.184 | E25: -76654.258 | F25: -114226 | G25: -157509 | H25: =SUM(V25:Y25) -> -318703 | I25: -409441 | J25: -448711 | K25: -431076 | L25: -230335 | N25: -25625 | O25: -27649 | P25: -28361 | Q25: =F25-SUM(N25:P25) -> -32591 | R25: -33644 | S25: -39174 | T25: -39295 | U25: -45396 | V25: -63168 | W25: -79921.076 | X25: -77832 | Y25: -97781.924 | Z25: -92816 | AA25: -104545 | AB25: -108681 | AC25: -103399 | AD25: -112403 | AE25: =-116418 -> -116418 | AF25: -119559 | AG25: -100331 | AH25: -104189 | AI25: -106245 | AJ25: -110867 | AK25: -109775 | AL25: -113881 | AM25: -116454
B26: Prestação de serviços médicos | D26: -30430 | E26: -33002.036 | F26: -31857 | G26: -52573 | H26: =SUM(V26:Y26) -> -171596 | I26: -252300 | J26: -258070 | K26: -231631 | L26: -127315 | N26: -9081 | O26: -8161 | P26: -7977 | Q26: =F26-SUM(N26:P26) -> -6638 | R26: -9468 | S26: -9787 | T26: -12728 | U26: -20590 | V26: -28406 | W26: -40427.213 | X26: -50252 | Y26: -52510.787 | Z26: -57269 | AA26: -60792 | AB26: -67526 | AC26: -66713 | AD26: -67613 | AE26: =-67091 -> -67091 | AF26: -68922 | AG26: -54444 | AH26: -55074 | AI26: -57401 | AJ26: -59719 | AK26: -59437 | AL26: -60619 | AM26: -66696
B27: Manutenção e conservação | D27: -23184 | E27: -29633.096 | F27: -32719 | G27: -37059 | H27: =SUM(V27:Y27) -> -61571 | I27: -87706 | J27: -99475 | K27: -92464 | L27: -48919 | N27: -8347 | O27: -7758 | P27: -7338 | Q27: =F27-SUM(N27:P27) -> -9276 | R27: -8470 | S27: -8382 | T27: -8667 | U27: -11540 | V27: -10422 | W27: -14072.807 | X27: -16986 | Y27: -20090.193 | Z27: -19547 | AA27: -22216 | AB27: -22259 | AC27: -23684 | AD27: -25478 | AE27: =-26990 -> -26990 | AF27: -24544 | AG27: -22463 | AH27: -21536 | AI27: -22945 | AJ27: -23103 | AK27: -24880 | AL27: -24153 | AM27: -24766
B28: Depreciação e Amortização | D28: -28906 | E28: -34146.615 | F28: -29809 | G28: -32486 | H28: =SUM(V28:Y28) -> -74328 | I28: -82432 | J28: -88707 | K28: -89870 | L28: -42479 | N28: -7146 | O28: -7774 | P28: -5831.6 | Q28: =F28-SUM(N28:P28) -> -9057.4 | R28: -7054 | S28: -7315.6 | T28: -7368 | U28: -10748.4 | V28: -12691 | W28: -16370 | X28: -19566 | Y28: -25701 | Z28: -20902 | AA28: -20193 | AB28: -20591 | AC28: -20746 | AD28: -21880 | AE28: =-21841 -> -21841 | AF28: -21428 | AG28: -23558 | AH28: -22034 | AI28: -21983.935 | AJ28: -22429.065 | AK28: -23423 | AL28: -21101 | AM28: -21378
B29: Outros custos | D29: -34842.162 | E29: -44615.247 | F29: -52873 | G29: =-44851-11946 -> -56797 | H29: =SUM(V29:Y29) -> -87213 | I29: -115451 | J29: -113283 | K29: -98836 | L29: -53009 | N29: -14024 | O29: -11513 | P29: -14433 | Q29: =F29-SUM(N29:P29) -> -12903 | R29: -13354 | S29: -14327 | T29: -14903 | U29: -14213 | V29: =-5096-13771 -> -18867 | W29: -22332.497 | X29: =-16298-7602 -> -23900 | Y29: -22113.503 | Z29: -28852 | AA29: =-17270-9755 -> -27025 | AB29: =-18620-9634 -> -28254 | AC29: -31320 | AD29: -28758 | AE29: =-20067-9861 -> -29928 | AF29: -27125 | AG29: -27472 | AH29: -22941 | AI29: -25251 | AJ29: -25832 | AK29: -24812 | AL29: -25600 | AM29: -27409
B30: Lucro bruto | D30: =D22+D23 -> 284915.65 | E30: =E22+E23 -> 335683 | F30: =F22+F23 -> 262196 | G30: =G22+G23 -> 404661 | H30: =H22+H23 -> 623187 | I30: =I22+I23 -> 711849 | J30: 670597 | K30: 651417 | L30: 360653 | N30: =N22+N23 -> 60082 | O30: =O22+O23 -> 39589.75 | P30: =P22+P23 -> 82490.4 | Q30: =Q22+Q23 -> 80033.85 | R30: =R22+R23 -> 88865 | S30: =S22+S23 -> 118939.4 | T30: =T22+T23 -> 84318 | U30: =U22+U23 -> 112538.6 | ... AF30: =AF22+AF23 -> 173574 | AG30: 129027 | AH30: 143788 | AI30: 164825.06 | AJ30: 171119.94 | AK30: 171684 | AL30: 173921 | AM30: 186732
B31: % margem bruta | D31: =D30/D22 -> 0.45473294 | E31: =E30/E22 -> 0.45818336 | F31: =F30/F22 -> 0.3652462 | G31: =G30/G22 -> 0.395056 | H31: =H30/H22 -> 0.35345453 | I31: =I30/I22 -> 0.32539214 | J31: 0.30125638 | K31: 0.29946283 | L31: 0.30342902 | N31: =N30/N22 -> 0.35292321 | O31: =O30/O22 -> 0.27497513 | P31: =P30/P22 -> 0.42225248 | Q31: =Q30/Q22 -> 0.38424932 | R31: =R30/R22 -> 0.3918901 | S31: =S30/S22 -> 0.44226899 | T31: =T30/T22 -> 0.35073751 | U31: =U30/U22 -> 0.3904594 | ... AF31: =AF30/AF22 -> 0.30407781 | AG31: 0.26492183 | AH31: 0.28796879 | AI31: =AI30/AI22 -> 0.30198415 | AJ31: 0.30134336 | AK31: 0.30532293 | AL31: 0.3024934 | AM31: 0.30430567
B32: Despesas gerais e administrativas | D32: =SUM(D33:D35) -> -96027 | E32: =SUM(E33:E35) -> -116567 | F32: =SUM(F33:F35) -> -89258 | G32: =SUM(G33:G35) -> -134118.2 | H32: =SUM(H33:H35) -> -269092 | I32: =SUM(I33:I35) -> -296288 | J32: -298709 | K32: -276928 | L32: -147131 | N32: =SUM(N33:N35) -> -22530 | O32: =SUM(O33:O35) -> -22462 | P32: =SUM(P33:P35) -> -21549.4 | Q32: =SUM(Q33:Q35) -> -22716.6 | R32: =SUM(R33:R35) -> -25780 | S32: =SUM(S33:S35) -> -26562.4 | T32: =SUM(T33:T35) -> -24967 | U32: =SUM(U33:U35) -> -56808.8 | ... AF32: =SUM(AF33:AF35) -> -79928 | AG32: -69175 | AH32: -67234 | AI32: -68256.4 | AJ32: -70862.6 | AK32: -70575 | AL32: -71733 | AM32: -75398
B33: Pessoal | D33: -78534 | E33: -93849.249 | F33: -68980 | G33: -93808 | H33: =SUM(V33:Y33) -> -155741 | I33: -189607 | J33: -190625 | K33: -169552 | L33: -86861 | N33: -18169 | O33: -17872 | P33: -14706 | Q33: =F33-SUM(N33:P33) -> -18233 | R33: -20773 | S33: -23339 | T33: -21243 | U33: -28453 | V33: -30061 | W33: -34542.234 | X33: -43792 | Y33: -47345.766 | Z33: -44543 | AA33: -46709 | AB33: -48157 | AC33: -50198 | AD33: -46336 | AE33: =-50488 -> -50488 | AF33: -50492 | AG33: -43309 | AH33: -43422 | AI33: -42434 | AJ33: -41678 | AK33: -42018 | AL33: -43099 | AM33: -43762
B34: Depreciação e amortização | D34: -6571 | E34: -11908.931 | F34: -8091 | G34: -8366.2 | H34: =SUM(V34:Y34) -> -15744 | I34: -19570 | J34: -20334 | K34: -21235 | L34: -15733 | N34: -1838 | O34: -1892 | P34: -3777.4 | Q34: =F34-SUM(N34:P34) -> -583.6 | R34: -1764 | S34: -1828.4 | T34: -1842 | U34: -2931.8 | V34: -3477.2 | W34: -3749.961 | X34: -4081 | Y34: -4435.839 | Z34: -4749 | AA34: -4661 | AB34: -4905 | AC34: -5255 | AD34: -5514 | AE34: =-5674 -> -5674 | AF34: -5816 | AG34: -3330 | AH34: -5232 | AI34: -5214.4 | AJ34: -5326.6 | AK34: -5462 | AL34: -7775 | AM34: -7958
B35: Outras despesas | D35: -10922 | E35: -10808.82 | F35: -12187 | G35: -31944 | H35: =SUM(V35:Y35) -> -97607 | I35: =-2705-60587-23819 -> -87111 | J35: -87750 | K35: -86141 | L35: -44537 | N35: -2523 | O35: -2698 | P35: -3066 | Q35: =F35-SUM(N35:P35) -> -3900 | R35: -3243 | S35: -1395 | T35: -1882 | U35: -25424 | V35: -18696 | W35: -30747.026 | X35: -22547 | Y35: -25616.974 | Z35: -22123 | AA35: -21272 | AB35: =-7147-15580-446 -> -23173 | AC35: -20543 | AD35: =-5652-550-14517 -> -20719 | AE35: =-734-14576-5565 -> -20875 | AF35: -23620 | AG35: -22536 | AH35: -18580 | AI35: -20608 | AJ35: -23858 | AK35: -23095 | AL35: -20859 | AM35: -23678
B36: Outras receitas (despesas) operacionais | D36: -4493 | E36: -8157 | F36: -56136 | G36: -28275 | H36: =SUM(V36:Y36) -> -16193 | I36: =(2655+5393) -> 8048 | J36: 46529 | K36: -20764 | L36: -8789 | N36: -9788 | O36: -3349 | P36: -4912 | Q36: =F36-SUM(N36:P36) -> -38087 | R36: -9815 | S36: -8597 | T36: 558 | U36: -10421 | V36: =-2736+61 -> -2675 | W36: -5502.6545 | X36: =-6053+1150 -> -4903 | Y36: -3112.3455 | Z36: -1515 | AA36: =-259+10559 -> 10300 | AB36: =-509+17 -> -492 | AC36: -245 | AD36: =-8161-231 -> -8392 | AE36: =-5803-225 -> -6028 | AF36: =70945-791 -> 70154 | AG36: -9205 | AH36: -7240 | AI36: =-8573 -> -8573 | AJ36: -2152 | AK36: -2799 | AL36: -6713 | AM36: -2076
B37: Imparidade de ativos - CPC 31 | D37: 0 | E37: 0 | F37: 0 | G37: 0 | H37: 0 | I37: 0 | J37: -754264 | K37: 0 | L37: 0 | V37: 0 | W37: 0 | X37: 0 | Y37: 0 | Z37: 0 | AA37: 0 | AB37: 0 | AC37: 0 | AD37: 0 | AE37: -744142 | AF37: =-754264+744142 -> -10122 | AG37: 0 | AH37: 0 | AJ37: 0 | AK37: 0 | AL37: 0 | AM37: 0
B38: EBIT | D38: =D30+D32+D36 -> 184395.65 | E38: =E30+E32+E36 -> 210959 | F38: =F30+F32+F36 -> 116802 | G38: =G30+G32+G36 -> 242267.8 | H38: =H30+H32+H36 -> 337902 | I38: =I30+I32+I36 -> 423609 | J38: -335847 | K38: 353725 | L38: 204733 | N38: =N30+N32+N36 -> 27764 | O38: =O30+O32+O36 -> 13778.75 | P38: =P30+P32+P36 -> 56029 | Q38: =Q30+Q32+Q36 -> 19230.25 | R38: =R30+R32+R36 -> 53270 | S38: =S30+S32+S36 -> 83780 | T38: =T30+T32+T36 -> 59909 | U38: =U30+U32+U36 -> 45308.8 | ... AD38: =AD30+AD32+AD36 -> 112147 | AE38: =AE30+AE32+AE36+AE37 -> -652319 | AF38: =AF30+AF32+AF36+AF37 -> 153678 | AG38: 50647 | AH38: 69314 | AI38: 87995.665 | AJ38: 98105.335 | AK38: 98310 | AL38: 95475 | AM38: 109258
B39: Receitas financeiras | D39: 25584 | E39: 22734 | F39: 13244 | G39: 66874 | H39: =SUM(V39:Y39) -> 90426 | I39: 59459 | J39: 89616 | K39: 115628 | L39: 54181 | N39: 4204 | O39: 1547 | P39: 4328 | Q39: =F39-SUM(N39:P39) -> 3165 | R39: 4578 | S39: 13827 | T39: 21525 | U39: 26944 | V39: 30477 | W39: 24531.033 | X39: 19271 | Y39: 16146.967 | Z39: 12514 | AA39: 13843 | AB39: 14382 | AC39: 18720 | AD39: 13827 | AE39: 14019 | AF39: 34106 | AG39: 27664 | AH39: 26543 | AI39: 29909 | AJ39: 30202 | AK39: 28974 | AL39: 25788 | AM39: 28393
B40: Despesas financeiras | D40: -19573 | E40: -22595 | F40: -27284 | G40: -88662 | H40: =SUM(V40:Y40) -> -242494 | I40: -274275 | J40: -252379 | K40: -302268 | L40: -141183 | N40: -8912 | O40: -5515 | P40: -5361 | Q40: =F40-SUM(N40:P40) -> -7496 | R40: -18271 | S40: -17385 | T40: -15828 | U40: -37178 | V40: -49809 | W40: -62867.967 | X40: -58777 | Y40: -71040.033 | Z40: -69855 | AA40: -70545 | AB40: -70260 | AC40: -63615 | AD40: -63114 | AE40: =-60646 -> -60646 | AF40: -65963 | AG40: -62656 | AH40: -65683 | AI40: -76328 | AJ40: -85706 | AK40: -74551 | AL40: -70169 | AM40: -71014
B41: Resultado financeiro líquido | D41: =SUM(D39:D40) -> 6011 | E41: =SUM(E39:E40) -> 139 | F41: =SUM(F39:F40) -> -14040 | G41: =SUM(G39:G40) -> -21788 | H41: =SUM(H39:H40) -> -152068 | I41: =SUM(I39:I40) -> -214816 | J41: -162763 | K41: -186640 | L41: -87002 | N41: =SUM(N39:N40) -> -4708 | O41: =SUM(O39:O40) -> -3968 | P41: =SUM(P39:P40) -> -1033 | Q41: =SUM(Q39:Q40) -> -4331 | R41: =SUM(R39:R40) -> -13693 | S41: =SUM(S39:S40) -> -3558 | T41: =SUM(T39:T40) -> 5697 | U41: =SUM(U39:U40) -> -10234 | ... AB41: =SUM(AB39:AB40) -> -55878 | AC41: -44895 | AD41: =SUM(AD39:AD40) -> -49287 | AE41: =SUM(AE39:AE40) -> -46627 | AF41: =SUM(AF39:AF40) -> -31857 | AG41: -34992 | AH41: -39140 | AI41: -46419 | AJ41: -55504 | AK41: -45577 | AL41: -44381 | AM41: -42621
B42: EBT | D42: =D38+D41 -> 190406.65 | E42: =E38+E41 -> 211098 | F42: =F38+F41 -> 102762 | G42: =G38+G41 -> 220479.8 | H42: =H38+H41 -> 185834 | I42: =I38+I41 -> 208793 | J42: =J38+J41 -> -498610 | K42: 167085 | L42: 117731 | N42: =N38+N41 -> 23056 | O42: =O38+O41 -> 9810.75 | P42: =P38+P41 -> 54996 | Q42: =Q38+Q41 -> 14899.25 | R42: =R38+R41 -> 39577 | S42: =S38+S41 -> 80222 | T42: =T38+T41 -> 65606 | U42: =U38+U41 -> 35074.8 | ... AF42: =AF38+AF41 -> 121821 | AG42: 15655 | AH42: 30174 | AI42: 41576.665 | AJ42: 42601.335 | AK42: 52733 | AL42: 51094 | AM42: 66637
B43: Total IR e CSLL | D43: -65972 | E43: -72994 | F43: -30119 | G43: -73634 | H43: =SUM(V43:Y43) -> -63147 | I43: -67546 | J43: 174706 | K43: -55169 | L43: -40178 | N43: -7659 | O43: -3335 | P43: -18341 | Q43: =F43-SUM(N43:P43) -> -784 | R43: -13123 | S43: -26998 | T43: -21972 | U43: -11541 | V43: -14594 | W43: -13964.588 | X43: -15365 | Y43: -19223.412 | Z43: -16294 | AA43: -20487 | AB43: -17649 | AC43: -13116 | AD43: -16901 | AE43: 240407 | AF43: -41290 | AG43: -7510 | AH43: -10001 | AI43: -14486 | AJ43: -15119 | AK43: -15563 | AL43: -18528 | AM43: -21650
B44: Lucro líquido do exercício | D44: =D42+D43 -> 124434.65 | E44: =E42+E43 -> 138104 | F44: =F42+F43 -> 72643 | G44: =G42+G43 -> 146845.8 | H44: =H42+H43 -> 122687 | I44: =I42+I43 -> 141247 | J44: =J42+J43 -> -323904 | K44: 111916 | L44: 77553 | N44: =N42+N43 -> 15397 | O44: =O42+O43 -> 6475.75 | P44: =P42+P43 -> 36655 | Q44: =Q42+Q43 -> 14115.25 | R44: =R42+R43 -> 26454 | S44: =S42+S43 -> 53224 | T44: =T42+T43 -> 43634 | U44: =U42+U43 -> 23533.8 | ... AD44: =AD42+AD43 -> 45959 | AE44: -458539 | AF44: =AF42+AF43 -> 80531 | AG44: 8145 | AH44: 20173 | AI44: 27090.665 | AJ44: 27482.335 | AK44: 37170 | AL44: 32566 | AM44: 44987
B45: % margem líquida | D45: =D44/D22 -> 0.19860101 | E45: =E44/E22 -> 0.18850211 | F45: =F44/F22 -> 0.10119369 | G45: =G44/G22 -> 0.14336028 | H45: =H44/H22 -> 0.069584694 | I45: =I44/I22 -> 0.064565187 | J45: -0.14550937 | K45: 0.051448891 | L45: 0.065247844 | N45: =N44/N22 -> 0.090442373 | O45: =O44/O22 -> 0.044978061 | P45: =P44/P22 -> 0.18762989 | Q45: =Q44/Q22 -> 0.067768516 | R45: =R44/R22 -> 0.11666079 | S45: =S44/S22 -> 0.19791024 | T45: =T44/T22 -> 0.18150431 | U45: =U44/U22 -> 0.081651927 | ... AF45: =AF44/AF22 -> 0.14107925 | AG45: 0.016723541 | AH45: 0.040401107 | AI45: =AI44/AI22 -> 0.049634146 | AJ45: 0.048396578 | AK45: 0.066103151 | AL45: 0.056640659 | AM45: 0.07331255
B46: Atribuível aos acionistas controladores | D46: =D44 -> 124434.65 | E46: =E44 -> 138104 | F46: =F44 -> 72643 | G46: 144919 | H46: =SUM(V46:Y46) -> 103505 | I46: 119654 | J46: -338440 | K46: 110511 | L46: 77450 | N46: =N44 -> 15397 | O46: =O44 -> 6475.75 | P46: =P44 -> 36655 | Q46: =Q44 -> 14115.25 | R46: =R44 -> 26454 | S46: =S44 -> 53224 | T46: =T44 -> 43634 | U46: 21607 | V46: 26585 | W46: 29221.353 | X46: 33725 | Y46: 13973.647 | Z46: 27213 | AA46: 38092 | AB46: 28548 | AC46: 25801 | AD46: 42183 | AE46: -464267 | AF46: 75366 | AG46: 8278 | AH46: 19931 | AI46: 26234.54 | AJ46: 26865 | AK46: 37480 | AL46: 33205 | AM46: 44245
B47: Acionistas não controladores | G47: 1927 | H47: =SUM(V47:Y47) -> 19182 | I47: 21593 | J47: 14536 | K47: 1405 | L47: 103 | U47: 1927 | V47: 4376 | W47: =W44-W46 -> 5552.75 | X47: =X44-X46 -> 5537 | Y47: 3716.2499 | Z47: =Z44-Z46 -> 5369 | AA47: =AA44-AA46 -> 6852 | AB47: =AB44-AB46 -> 6683 | AC47: =AC44-AC46 -> 2689 | AD47: 3776 | AE47: 5728 | AF47: 5165 | AG47: -133 | AH47: 242 | AI47: 856.46 | AJ47: 616.54 | AK47: -310 | AL47: -639 | AM47: 742
B48: 1. Abertura de glosas a partir do 1T22, em periodo anterior a Receita Bruta se encontrava líquida de glosas
B50: Lucro líquido Ajustado (R$ Mil) | D50: 2018 | E50: 2019 | F50: 2020 | G50: 2021 | H50: 2022 | I50: 2023 | J50: 2024 | K50: 2025 | L50: 6M26 | N50: 1T20 | O50: =O6 -> 2T20 | P50: 3T20 | Q50: 4T20 | R50: 1T21 | S50: 2T21 | T50: 3T21 | U50: 4T21 | V50: 1T22 | W50: 2T22 | X50: 3T22 | Y50: 4T22 | Z50: 1T23 | AA50: 2T23 | AB50: 3T23 | AC50: 4T23 | AD50: 1T24 | AE50: 2T24 | AF50: 3T24 | AG50: 4T24 | AH50: 1T25 | AI50: 2T25 | AJ50: 3T25 | AK50: 4T25 | AL50: 1T26 | AM50: 2T26
B51: IR diferido (ágio de aquisições) | D51: 0 | E51: 0 | F51: 0 | G51: 0 | H51: =SUM(V51:Y51) -> 71906 | I51: =(143630-H51) -> 71724 | J51: 67600 | L51: 0 | R51: 0 | S51: 0 | T51: 0 | U51: 0 | V51: =71906/4 -> 17976.5 | W51: =71906/4 -> 17976.5 | X51: =71906/4 -> 17976.5 | Y51: =71906/4 -> 17976.5 | Z51: =+I51/4 -> 17931 | AA51: =+Z51 -> 17931 | AB51: =AA51 -> 17931 | AC51: =+AB51 -> 17931 | AD51: 17954 | AE51: 18162 | AF51: 15000 | AG51: 16484 | AL51: 0 | AM51: 0
B52: Assessoria M&A¹ | D52: =D72*(1-0.34) -> 0 | E52: =E72*(1-0.34) -> 0 | F52: =F72*(1-0.34) -> 0 | G52: =G72*(1-0.34) -> 11080.08 | H52: =SUM(V52:X52) -> 9225.48 | I52: 0 | J52: 0 | L52: 0 | R52: =R72*(1-0.34) -> 0 | S52: =S72*(1-0.34) -> 0 | T52: =T72*(1-0.34) -> 0 | U52: =U72*(1-0.34) -> 11080.08 | V52: =V72*(1-0.34) -> 1454.2544 | W52: =W72*(1-0.34) -> 6433.1312 | X52: =X72*(1-0.34) -> 1338.0944 | Y52: 0 | Z52: 0 | AA52: 0 | AB52: 0 | AC52: =I52-Z52-AA52-AB52 -> 0 | AD52: =M52-AA52-AB52-AC52 -> 0 | AE52: 0 | AF52: 0 | AL52: 0 | AM52: 0
B53: Pré-operacional Salvador¹ | D53: =D73*(1-0.34) -> 0 | E53: =E73*(1-0.34) -> 0 | F53: =F73*(1-0.34) -> 0 | G53: =G73*(1-0.34) -> 2242.02 | H53: =SUM(V53:X53) -> 4693.5893 | I53: 0 | J53: 0 | L53: 0 | N53: =N73*(1-0.34) -> 0 | O53: =O73*(1-0.34) -> 0 | P53: =P73*(1-0.34) -> 0 | Q53: =Q73*(1-0.34) -> 0 | R53: =R73*(1-0.34) -> 0 | S53: =S73*(1-0.34) -> 69.96 | T53: =T73*(1-0.34) -> 458.7 | U53: =U73*(1-0.34) -> 1713.36 | ... W53: =W73*(1-0.34) -> 2215.2893 | X53: 0 | Y53: 0 | Z53: 0 | AA53: 0 | AB53: 0 | AC53: 0 | AD53: 0 | AE53: 0 | AF53: 0 | AL53: 0 | AM53: 0
B54: Pré-operacional Nova Lima¹ | D54: 0 | E54: 0 | F54: 0 | G54: 0 | H54: 0 | I54: 0 | J54: 3475.2069 | L54: 0 | V54: 0 | W54: 0 | X54: =E54-U54-V54-W54 -> 0 | Y54: 0 | Z54: 0 | AA54: 0 | AB54: 0 | AC54: 0 | AD54: 0 | AE54: =AE74*(1-0.34) -> 651.0669 | AF54: 2823.6582 | AL54: 0 | AM54: 0
B55: Imparidade de ativos - CPC 31 | D55: 0 | E55: 0 | F55: 0 | G55: 0 | H55: 0 | I55: 0 | J55: 497814.24 | L55: 0 | V55: 0 | W55: 0 | X55: =E55-U55-V55-W55 -> 0 | Y55: 0 | Z55: 0 | AA55: 0 | AB55: 0 | AC55: 0 | AD55: 0 | AE55: =AE75*(1-0.34) -> 491133.72 | AF55: 6680.52 | AL55: 0 | AM55: 0
B56: Reversão de contigências | H56: 0 | I56: 0 | J56: =0.66*J76 -> -48823.5 | L56: 0 | Z56: 0 | AA56: 0 | AB56: 0 | AC56: 0 | AD56: 0 | AE56: 0 | AF56: -48823.5 | AL56: 0 | AM56: 0
B57: Provisão Complementar de PLR | L57: 3702.9207 | AL57: 3702.9207 | AM57: 0
B58: Lucro líquido Ajustado | D58: =D44+SUM(D51:D53) -> 124434.65 | E58: =E44+SUM(E51:E53) -> 138104 | F58: =F44+SUM(F51:F53) -> 72643 | G58: =G44+SUM(G51:G53) -> 160167.9 | H58: =H44+SUM(H51:H56) -> 208512.07 | I58: =I44+SUM(I51:I56) -> 212971 | J58: =J44+J51+J54+J55+J56 -> 196161.95 | K58: 111916 | L58: 77553 | N58: =N44 -> 15397 | O58: =O44 -> 6475.75 | P58: =P44 -> 36655 | Q58: =Q44+Q60+Q53 -> 14115.25 | R58: =R44+SUM(R51:R53) -> 26454 | S58: =S44+SUM(S51:S53) -> 53293.96 | T58: =T44+SUM(T51:T53) -> 44092.7 | U58: =U44+SUM(U51:U53) -> 36327.24 | V58: =V44+SUM(V51:V53) -> 52869.854 | W58: =W44+SUM(W51:W53) -> 61399.024 | X58: =X44+SUM(X51:X53) -> 58576.594 | Y58: =Y44+SUM(Y51:Y53) -> 35666.597 | ... AD58: =AD44+SUM(AD51:AD53) -> 63913 | AE58: =AE44+SUM(AE51:AE55) -> 51407.787 | AF58: =AF44+SUM(AF51:AF56) -> 56211.678 | AG58: =AG44+SUM(AG51:AG56) -> 24629 | AH58: 20173 | AI58: 27090.665 | AJ58: 27482.335 | AK58: 37170 | AL58: 36268.921 | AM58: 44987
B59: % margem líquida ajustada | D59: =D58/$D$22 -> 0.19860101 | E59: =E58/E22 -> 0.18850211 | F59: =F58/F22 -> 0.10119369 | G59: =G58/G22 -> 0.15636617 | H59: =H58/H22 -> 0.11826231 | I59: =I58/I22 -> 0.097350828 | J59: =J58/J22 -> 0.088123027 | K59: 0.051448891 | L59: 0.065247844 | N59: =N58/N22 -> 0.090442373 | O59: =O58/O22 -> 0.044978061 | P59: =P58/P22 -> 0.18762989 | Q59: =Q58/Q22 -> 0.067768516 | R59: =R58/R22 -> 0.11666079 | S59: =S58/S22 -> 0.19817038 | T59: =T58/T22 -> 0.18341237 | U59: =U58/U22 -> 0.12603953 | ... AF59: =AF58/AF22 -> 0.098475141 | AG59: 0.050568949 | AH59: 0.040401107 | AI59: 0.049634146 | AJ59: 0.048396578 | AK59: 0.066103151 | AL59: 0.063080991 | AM59: 0.07331255
B60: Stock options¹ | D60: =D80*(1-0.34) -> 0 | E60: =E80*(1-0.34) -> 0 | F60: =F80*(1-0.34) -> 0 | G60: =G80*(1-0.34) -> 5650.92 | H60: =SUM(V60:X60) -> 5777.6466 | I60: 7724.64 | J60: 5493.18 | N60: =N80*(1-0.34) -> 0 | O60: =O80*(1-0.34) -> 0 | P60: =P80*(1-0.34) -> 0 | Q60: =Q80*(1-0.34) -> 0 | R60: =R80*(1-0.34) -> 0 | S60: =S80*(1-0.34) -> 1845.36 | T60: =T80*(1-0.34) -> 1858.56 | U60: =U80*(1-0.34) -> 1947 | ... AF60: =AF80*(1-0.34) -> 1167.54 | AG60: 1168.86
B61: Lucro líquido Ajustado Acumulado | D61: =D58 -> 124434.65 | E61: =E58 -> 138104 | F61: =F58 -> 72643 | G61: =G58+G60 -> 165818.82 | H61: =H58+H60 -> 214289.72 | I61: =I58+I60 -> 220695.64 | J61: 250478.63 | K61: 111916 | L61: 77553
B62: % margem líquida ajustada | D62: =D61/D22 -> 0.19860101 | E62: =E61/E22 -> 0.18850211 | F62: =F61/F22 -> 0.10119369 | G62: =G61/G22 -> 0.16188296 | H62: =H61/H22 -> 0.12153924 | I62: =I61/I22 -> 0.10088183 | J62: =J61/J22 -> 0.11252404 | K62: 0.051448891 | L62: 0.065247844
B63: ¹ajustes estão líquidos de IR/CSLL à alíquota de 34%
B65: EBITDA (R$ Mil) | D65: 2018 | E65: 2019 | F65: 2020 | G65: 2021 | H65: 2022 | I65: 2023 | J65: 2024 | K65: 2025 | L65: 6M26 | N65: 1T20 | O65: =O16 -> 2T20 | P65: 3T20 | Q65: 4T20 | R65: 1T21 | S65: 2T21 | T65: 3T21 | U65: 4T21 | V65: 1T22 | W65: 2T22 | X65: 3T22 | Y65: 4T22 | Z65: 1T23 | AA65: 2T23 | AB65: 3T23 | AC65: 4T23 | AD65: 1T24 | AE65: 2T24 | AF65: 3T24 | AG65: 4T24 | AH65: 1T25 | AI65: 2T25 | AJ65: 3T25 | AK65: 4T25 | AL65: 1T26 | AM65: 2T26
B66: Lucro líquido | D66: =D44 -> 124434.65 | E66: =E44 -> 138104 | F66: =F44 -> 72643 | G66: =G44 -> 146845.8 | H66: =H44 -> 122687 | I66: =I44 -> 141247 | J66: -323904 | K66: 111916 | L66: V | N66: =N44 -> 15397 | O66: =O44 -> 6475.75 | P66: =P44 -> 36655 | Q66: =Q44 -> 14115.25 | R66: =R44 -> 26454 | S66: =S44 -> 53224 | T66: =T44 -> 43634 | U66: =U44 -> 23533.8 | ... AG66: =AG44 -> 8145 | AH66: 20173 | AI66: 27090.665 | AJ66: 27482.335 | AK66: 37170 | AL66: 32566 | AM66: 44987
B67: Imposto de renda e contribuição social | D67: =-D43 -> 65972 | E67: =-E43 -> 72994 | F67: =-F43 -> 30119 | G67: =-G43 -> 73634 | H67: =-H43 -> 63147 | I67: =-I43 -> 67546 | J67: -174706 | K67: 55169 | L67: 40178 | N67: =-N43 -> 7659 | O67: =-O43 -> 3335 | P67: =-P43 -> 18341 | Q67: =-Q43 -> 784 | R67: =-R43 -> 13123 | S67: =-S43 -> 26998 | T67: =-T43 -> 21972 | U67: =-U43 -> 11541 | ... AF67: =-AF43 -> 41290 | AG67: 7510 | AH67: 10001 | AI67: 14486 | AJ67: 15119 | AK67: 15563 | AL67: 18528 | AM67: 21650
B68: Resultado financeiro | D68: =-D41 -> -6011 | E68: =-E41 -> -139 | F68: =-F41 -> 14040 | G68: =-G41 -> 21788 | H68: =-H41 -> 152068 | I68: =-I41 -> 214816 | J68: 162763 | K68: 186640 | L68: 87002 | N68: =-N41 -> 4708 | O68: =-O41 -> 3968 | P68: =-P41 -> 1033 | Q68: =-Q41 -> 4331 | R68: =-R41 -> 13693 | S68: =-S41 -> 3558 | T68: =-T41 -> -5697 | U68: =-U41 -> 10234 | ... AF68: =-AF41 -> 31857 | AG68: 34992 | AH68: 39140 | AI68: 46419 | AJ68: 55504 | AK68: 45577 | AL68: 44381 | AM68: 42621
B69: Depreciação e amortização | D69: =D163 -> 36309 | E69: =E163 -> 46887 | F69: =F163 -> 38496 | G69: 40778 | H69: =SUM(V69:Y69) -> 90072 | I69: =-(I28+I34) -> 102002 | J69: 109041 | K69: 111105 | L69: 58212 | N69: 9191 | O69: =19064-N69 -> 9873 | P69: =28911-SUM(N69:O69) -> 9847 | Q69: =F69-SUM(N69:P69) -> 9585 | R69: 8818 | S69: =17962-R69 -> 9144 | T69: 9229 | U69: 13587 | V69: 16175.935 | W69: 20223.125 | X69: 23648 | Y69: 30024.94 | Z69: 25651 | AA69: =-(AA28+AA34) -> 24854 | AB69: =-(AB28+AB34) -> 25496 | AC69: =-(AC28+AC34) -> 26001 | AD69: =-(AD28+AD34) -> 27394 | AE69: =-(AE28+AE34) -> 27515 | AF69: =-(AF28+AF34) -> 27244 | AG69: 26888 | AH69: 27266 | AI69: 27198.335 | AJ69: 27755.665 | AK69: 28885 | AL69: 28876 | AM69: 29336
B70: EBITDA | D70: =SUM(D66:D69) -> 220704.65 | E70: =SUM(E66:E69) -> 257846 | F70: =SUM(F66:F69) -> 155298 | G70: =SUM(G66:G69) -> 283045.8 | H70: =SUM(H66:H69) -> 427974 | I70: =SUM(I66:I69) -> 525611 | J70: -226806 | K70: 464830 | L70: 262945 | N70: =SUM(N66:N69) -> 36955 | O70: =SUM(O66:O69) -> 23651.75 | P70: =SUM(P66:P69) -> 65876 | Q70: =SUM(Q66:Q69) -> 28815.25 | R70: =SUM(R66:R69) -> 62088 | S70: =SUM(S66:S69) -> 92924 | T70: =SUM(T66:T69) -> 69138 | U70: =SUM(U66:U69) -> 58895.8 | ... AG70: =SUM(AG66:AG69) -> 77535 | AH70: 96580 | AI70: 115194 | AJ70: 125861 | AK70: 127195 | AL70: 124351 | AM70: 138594
B71: Margem EBITDA (%) | D71: =IFERROR(D70/D22,"") -> 0.35225048 | E71: =IFERROR(E70/E22,"") -> 0.35194141 | F71: =IFERROR(F70/F22,"") -> 0.21633436 | G71: =IFERROR(G70/G22,"") -> 0.27632745 | H71: =IFERROR(H70/H22,"") -> 0.24273509 | I71: =IFERROR(I70/I22,"") -> 0.24026119 | J71: -0.10188944 | K71: 0.21368694 | L71: 0.22122412 | N71: =IFERROR(N70/N22,"") -> 0.21707462 | O71: =IFERROR(O70/O22,"") -> 0.16427593 | P71: =IFERROR(P70/P22,"") -> 0.33720656 | Q71: =IFERROR(Q70/Q22,"") -> 0.13834447 | R71: =IFERROR(R70/R22,"") -> 0.2738049 | S71: =IFERROR(S70/S22,"") -> 0.34553229 | T71: =IFERROR(T70/T22,"") -> 0.28759328 | U71: =IFERROR(U70/U22,"") -> 0.2043425 | ... AF71: =IFERROR(AF70/AF22,"") -> 0.3169505 | AG71: 0.15919702 | AH71: 0.19342383 | AI71: 0.211 | AJ71: 0.22164207 | AK71: 0.22620367 | AL71: 0.21627841 | AM71: 0.22585813
B72: Assessoria M&A | D72: 0 | E72: 0 | F72: 0 | G72: 16788 | H72: =SUM(V72:X72) -> 13978 | I72: 0 | J72: 0 | K72: 0 | L72: 0 | R72: 0 | S72: 0 | T72: 0 | U72: 16788 | V72: =2226-22.5842600000002 -> 2203.4157 | W72: =9769.75278-22.5842600000002 -> 9747.1685 | X72: =2050-22.5842600000002 -> 2027.4157 | Y72: 0 | Z72: 0 | AA72: 0 | AB72: 0 | AC72: 0 | AD72: 0 | AE72: 0 | AF72: 0 | AG72: 0 | AJ72: 0 | AK72: 0 | AL72: 0 | AM72: 0
B73: Pré-operacional Salvador | D73: 0 | E73: 0 | F73: 0 | G73: =SUM(R73:U73) -> 3397 | H73: =SUM(V73:X73) -> 7111.499 | I73: 0 | J73: 0 | K73: 0 | L73: 0 | N73: 0 | O73: 0 | P73: 0 | Q73: 0 | R73: 0 | S73: 106 | T73: 695 | U73: =2596 -> 2596 | V73: 3755 | W73: 3356.499 | X73: =X53 -> 0 | Y73: 0 | Z73: 0 | AA73: 0 | AB73: 0 | AC73: 0 | AD73: 0 | AE73: 0 | AF73: 0 | AG73: 0 | AJ73: 0 | AK73: 0 | AL73: 0 | AM73: 0
B74: Pré-operacional Nova Lima | D74: 0 | E74: 0 | F74: 0 | G74: 0 | H74: 0 | I74: 0 | J74: 5265.465 | K74: 0 | L74: 0 | V74: 0 | W74: 0 | X74: 0 | Y74: 0 | Z74: 0 | AA74: 0 | AB74: 0 | AC74: 0 | AD74: 0 | AE74: 986.465 | AF74: 4279 | AJ74: 0 | AK74: 0 | AL74: 0 | AM74: 0
B75: Imparidade de ativos - CPC 31 | D75: 0 | E75: 0 | F75: 0 | G75: 0 | H75: 0 | I75: 0 | J75: 754264 | K75: 0 | L75: 0 | V75: 0 | W75: 0 | X75: 0 | Y75: 0 | Z75: 0 | AA75: 0 | AB75: 0 | AC75: 0 | AD75: 0 | AE75: 744142 | AF75: 10122 | AJ75: 0 | AK75: 0 | AL75: 0 | AM75: 0
B76: Reversão de contingências | H76: 0 | I76: 0 | J76: -73975 | K76: 0 | L76: 0 | AF76: -73975 | AJ76: 0 | AK76: 0 | AL76: 0 | AM76: 0
B77: Provisão Complementar de PLR | L77: 5610.4859 | AL77: 5610.4859 | AM77: 0
B78: EBITDA ajustado | D78: =SUM(D70,D72:D73) -> 220704.65 | E78: =SUM(E70,E72:E73) -> 257846 | F78: =SUM(F70,F72:F73) -> 155298 | G78: =SUM(G70,G72:G73) -> 303230.8 | H78: =SUM(H70,H72:H73) -> 449063.5 | I78: =SUM(I70,I72:I76) -> 525611 | J78: 458748.46 | K78: 464830 | L78: 262945 | N78: =SUM(N70,N80,N73) -> 36955 | O78: =SUM(O70,O80,O73) -> 23651.75 | P78: =SUM(P70,P80,P73) -> 65876 | Q78: =SUM(Q70,Q80,Q73) -> 28815.25 | R78: =SUM(R70,R72:R73) -> 62088 | S78: =SUM(S70,S72:S73) -> 93030 | T78: =SUM(T70,T72:T73) -> 69833 | U78: =SUM(U70,U72:U73) -> 78279.8 | V78: =SUM(V70,V72:V73) -> 87021.15 | W78: =SUM(W70,W72:W73) -> 120402.42 | X78: =SUM(X70,X72:X73) -> 119808.42 | Y78: =SUM(Y70,Y72:Y73) -> 121831.52 | Z78: =SUM(Z70,Z72:Z76) -> 131868 | AA78: =SUM(AA70,AA72:AA76) -> 146987 | AB78: =SUM(AB70,AB72:AB76) -> 134254 | AC78: =SUM(AC70,AC72:AC76) -> 112502 | AD78: =SUM(AD70,AD72:AD76) -> 139541 | AE78: =SUM(AE70,AE72:AE76) -> 120324.46 | AF78: =SUM(AF70,AF72:AF76) -> 121348 | AG78: =SUM(AG70,AG72:AG76) -> 77535 | AH78: 96580 | AI78: 115194 | AJ78: 125861 | AK78: 127195 | AL78: 129961.49 | AM78: 138594
B79: Margem EBITDA ajustado (%) | D79: =IFERROR(D78/D22,"") -> 0.35225048 | E79: =IFERROR(E78/E22,"") -> 0.35194141 | F79: =IFERROR(F78/F22,"") -> 0.21633436 | G79: =IFERROR(G78/G22,"") -> 0.29603334 | H79: =IFERROR(H78/H22,"") -> 0.25469647 | I79: =IFERROR(I78/I22,"") -> 0.24026119 | J79: 0.20608637 | K79: 0.21368694 | L79: 0.22122412 | N79: =IFERROR(N78/N22,"") -> 0.21707462 | O79: =IFERROR(O78/O22,"") -> 0.16427593 | P79: =IFERROR(P78/P22,"") -> 0.33720656 | Q79: =IFERROR(Q78/Q22,"") -> 0.13834447 | R79: =IFERROR(R78/R22,"") -> 0.2738049 | S79: =IFERROR(S78/S22,"") -> 0.34592645 | T79: =IFERROR(T78/T22,"") -> 0.29048427 | U79: =IFERROR(U78/U22,"") -> 0.27159645 | ... AF79: =IFERROR(AF78/AF22,"") -> 0.21258503 | AG79: 0.15919702 | AH79: 0.19342383 | AI79: 0.211 | AJ79: 0.22164207 | AK79: 0.22620367 | AL79: 0.22603649 | AM79: 0.22585813
B80: Stock options | D80: 0 | E80: 0 | F80: 0 | G80: 8562 | H80: =SUM(V80:Y80) -> 11704 | I80: 11704 | J80: 8323 | N80: 0 | O80: 0 | P80: 0 | Q80: 0 | R80: 0 | S80: 2796 | T80: =5612-S80 -> 2816 | U80: 2950 | V80: 2886 | W80: 2918.01 | X80: 2950 | Y80: 2949.99 | Z80: 2886 | AA80: =5804-Z80 -> 2918 | AB80: =8754-AA80-Z80 -> 2950 | AC80: =I80-SUM(Z80:AB80) -> 2950 | AD80: 2918 | AE80: 1865 | AF80: 1769 | AG80: 1771 | AM80: 0
B81: EBITDA ajustado Acumulado | D81: =D78 -> 220704.65 | E81: =E78 -> 257846 | F81: =F78 -> 155298 | G81: =G78+G80 -> 311792.8 | H81: =H78+H80 -> 460767.5 | I81: =I78+I80 -> 537315 | J81: 467071.46 | K81: 464830 | L81: 262945
B82: Margem EBITDA ajustado (%) | D82: =IFERROR(D81/D22,"") -> 0.35225048 | E82: =IFERROR(E81/E22,"") -> 0.35194141 | F82: =IFERROR(F81/F22,"") -> 0.21633436 | G82: =IFERROR(G81/G22,"") -> 0.30439211 | H82: =IFERROR(H81/H22,"") -> 0.26133466 | I82: =IFERROR(I81/I22,"") -> 0.24561119 | J82: =IFERROR(J81/J22,"") -> 0.20982536 | K82: 0.21368694 | L82: 0.22122412
B84: Balanço Patrimonial (R$ Mil) - Consolidado | D84: 43465 | E84: 43830 | F84: 44196 | G84: 44561 | H84: 44926 | I84: 45291 | J84: 45657 | K84: 46022 | L84: 31/06/2026 | N84: 43921 | O84: 44012 | P84: 44104 | Q84: 44196 | R84: 44286 | S84: 44377 | T84: 44469 | U84: 44561 | V84: 44651 | W84: 44742 | X84: 44834 | Y84: 44926 | Z84: 45016 | AA84: 45107 | AB84: 45199 | AC84: 45291 | AD84: 45382 | AE84: 45473 | AF84: 45565 | AG84: 45657 | AH84: 45747 | AI84: 45838 | AJ84: 45930 | AK84: 46022 | AL84: 46112 | AM84: 46203
B85: Ativo
B86: Circulante
B87: Caixa e Equivalentes de Caixa | D87: 173020 | E87: 123671 | F87: 121207 | G87: 1000200 | H87: 246414 | I87: 227302 | J87: 622581 | K87: 599130 | L87: 599902 | N87: 151052 | O87: 141115 | P87: 109734 | Q87: =F87 -> 121207 | R87: 76680 | S87: 871556 | T87: 865895 | U87: =G87 -> 1000200 | V87: 665115 | W87: 393168.02 | X87: 345909 | Y87: =H87 -> 246414 | Z87: 206968 | AA87: 223953 | AB87: 265675 | AC87: =I87 -> 227302 | AD87: 162407 | AE87: 269395 | AF87: 704454 | AG87: 622581 | AH87: 616113 | AI87: 613537 | AJ87: 654027 | AK87: 599130 | AL87: 556803 | AM87: 599902
B88: Aplicação financeira | D88: 113264 | E88: 137529 | F88: 149603 | G88: 278367 | H88: 131884 | I88: 91831 | J88: 52735 | K88: 26328 | L88: 27928 | N88: 146785 | O88: 170097 | P88: 172141 | Q88: =F88 -> 149603 | R88: 151288 | S88: 512942 | T88: 487562 | U88: =G88 -> 278367 | V88: 193682 | W88: 208661.26 | X88: 135626 | Y88: =H88 -> 131884 | Z88: 120785 | AA88: 92911 | AB88: 98061 | AC88: =I88 -> 91831 | AD88: 79168 | AE88: 55186 | AF88: 51460 | AG88: 52735 | AH88: 54300 | AI88: 24676 | AJ88: 25516 | AK88: 26328 | AL88: 27168 | AM88: 27928
B89: Contas a receber de clientes | D89: 155303 | E89: 233024 | F89: 256252 | G89: 391222 | H89: 609347 | I89: 798581 | J89: 662537 | K89: 717064 | L89: 770137 | N89: 206507.25 | O89: 207594 | P89: 221095 | Q89: =F89 -> 256252 | R89: 267797 | S89: 309511 | T89: 289735 | U89: =G89 -> 391222 | V89: 451062 | W89: 482111.13 | X89: 562109 | Y89: =H89 -> 609347 | Z89: 655495 | AA89: 735657 | AB89: 790725 | AC89: =I89 -> 798581 | AD89: 871839 | AE89: 645825 | AF89: 653957 | AG89: 662537 | AH89: 688276 | AI89: 724418 | AJ89: 742217 | AK89: 717064 | AL89: 768819 | AM89: 770137
B90: Estoques | D90: 13157 | E90: 15642 | F90: 20109 | G90: 35339 | H90: 64286 | I90: 63165 | J90: 49757 | K90: 71785 | L90: 75387 | N90: 20718 | O90: 23444 | P90: 22836 | Q90: =F90 -> 20109 | R90: 27857 | S90: 34282 | T90: 27168 | U90: =G90 -> 35339 | V90: 43334 | W90: 50452.537 | X90: 56993 | Y90: =H90 -> 64286 | Z90: 57946 | AA90: 65156 | AB90: 60297 | AC90: =I90 -> 63165 | AD90: 77380 | AE90: 52801 | AF90: 48183 | AG90: 49757 | AH90: 62268 | AI90: 53674 | AJ90: 64261 | AK90: 71785 | AL90: 78882 | AM90: 75387
B91: Derivativos | D91: 0 | E91: 0 | F91: 4585 | G91: 979 | H91: 0 | I91: 1054 | J91: 0 | K91: 0 | L91: 0 | N91: 6540 | O91: 7222 | P91: 5950 | Q91: =F91 -> 4585 | R91: 3923 | S91: 1225 | T91: 1208 | U91: =G91 -> 979 | V91: 258 | W91: 360 | X91: 0 | Y91: =H91 -> 0 | Z91: 4774 | AA91: 13557 | AB91: 259 | AC91: =I91 -> 1054 | AD91: 722 | AE91: 0 | AF91: 0 | AG91: 0 | AH91: 0 | AI91: 0 | AK91: 0 | AL91: 0 | AM91: 0
B92: Reembolso de obra | D92: 0 | E92: 0 | F92: 0 | G92: 32500 | H92: 35769 | I92: 38143 | J92: 41357 | K92: 43195 | L92: 44128 | N92: 0 | O92: 0 | P92: 0 | Q92: =F92 -> 0 | R92: 22386 | S92: 32500 | T92: 32500 | U92: =G92 -> 32500 | V92: 32500 | W92: 35770 | X92: 42357 | Y92: =H92 -> 35769 | Z92: 37839 | AA92: 39598 | AB92: 39021 | AC92: =I92 -> 38143 | AD92: 38978 | AE92: 40125 | AF92: 40703 | AG92: 41357 | AH92: 41800 | AI92: 42248 | AJ92: 42710 | AK92: 43195 | AL92: 43661 | AM92: 44128
B93: Ativos de obras a executar | D93: 0 | E93: 0 | F93: 0 | G93: 0 | H93: 23528 | I93: 0 | J93: 0 | K93: 0 | L93: 0 | Q93: =F93 -> 0 | R93: 0 | S93: 0 | T93: 0 | U93: 0 | V93: 15827 | W93: 12401 | X93: 19621 | Y93: =H93 -> 23528 | Z93: 11868 | AA93: 5610 | AB93: 4875 | AC93: =I93 -> 0 | AD93: 0 | AE93: 0 | AF93: 0 | AG93: 0 | AH93: 0 | AI93: 0 | AK93: 0 | AM93: 0
B94: Outros ativos circulantes | D94: 7105 | E94: 3194 | F94: 3514 | G94: 11104 | H94: 48920 | I94: 38097 | J94: 48735 | K94: 36591 | L94: 55007 | N94: 4712 | O94: 2820 | P94: 3378 | Q94: =F94 -> 3514 | R94: 9357 | S94: 9742 | T94: 8817 | U94: =G94 -> 11104 | V94: 21981 | W94: 28781.446 | X94: 46389 | Y94: =H94 -> 48920 | Z94: 53012 | AA94: 53799 | AB94: 49982 | AC94: =I94 -> 38097 | AD94: 54843 | AE94: 61670 | AF94: 45777 | AG94: 48735 | AH94: 56098 | AI94: 40963 | AJ94: 34198 | AK94: 36591 | AL94: 40072 | AM94: 43181
D95: =SUM(D87:D94) -> 461849 | E95: =SUM(E87:E94) -> 513060 | F95: =SUM(F87:F94) -> 555270 | G95: =SUM(G87:G94) -> 1749711 | H95: =SUM(H87:H94) -> 1160148 | I95: =SUM(I87:I94) -> 1258173 | J95: =SUM(J87:J94) -> 1477702 | K95: 1494093 | L95: 1572489 | N95: =SUM(N87:N94) -> 536314.25 | O95: =SUM(O87:O94) -> 552292 | P95: =SUM(P87:P94) -> 535134 | Q95: =F95 -> 555270 | R95: =SUM(R87:R94) -> 559288 | S95: =SUM(S87:S94) -> 1771758 | T95: =SUM(T87:T94) -> 1712885 | U95: =SUM(U87:U94) -> 1749711 | V95: =SUM(V87:V94) -> 1423759 | W95: =SUM(W87:W94) -> 1211705.4 | X95: =SUM(X87:X94) -> 1209004 | Y95: =SUM(Y87:Y94) -> 1160148 | ... AB95: =SUM(AB87:AB94) -> 1308895 | AC95: =I95 -> 1258173 | AD95: =SUM(AD87:AD94) -> 1285337 | AE95: 1125002 | AF95: =SUM(AF87:AF94) -> 1544534 | AG95: =SUM(AG87:AG94) -> 1477702 | AH95: 1518855 | AI95: 1499516 | AJ95: 1562929 | AK95: 1494093 | AL95: 1515405 | AM95: 1560663
B96: Ativo disponível para venda | J96: 0 | K96: 0 | L96: 0 | V96: 0 | W96: 0 | X96: 0 | Y96: 0 | Z96: 0 | AA96: 0 | AB96: 0 | AC96: 0 | AD96: 0 | AE96: 988894 | AF96: 0 | AG96: 0 | AH96: 0 | AK96: 0 | AM96: 0
B97: Total do ativo circulante | D97: =SUM(D95:D96) -> 461849 | E97: =SUM(E95:E96) -> 513060 | F97: =SUM(F95:F96) -> 555270 | G97: =SUM(G95:G96) -> 1749711 | H97: =SUM(H95:H96) -> 1160148 | I97: =SUM(I95:I96) -> 1258173 | J97: =SUM(J95:J96) -> 1477702 | K97: 1494093 | L97: 1572489 | N97: =N96+N95 -> 536314.25 | O97: =O96+O95 -> 552292 | P97: =P96+P95 -> 535134 | Q97: =Q96+Q95 -> 555270 | R97: =R96+R95 -> 559288 | S97: =S96+S95 -> 1771758 | T97: =T96+T95 -> 1712885 | U97: =U96+U95 -> 1749711 | ... AD97: =AD96+AD95 -> 1285337 | AE97: 2113896 | AF97: =AF96+AF95 -> 1544534 | AG97: =AG96+AG95 -> 1477702 | AH97: 1518855 | AI97: 1499516 | AJ97: 1562929 | AK97: 1494093 | AL97: 1515405 | AM97: 1560663
B98: Não Circulante | J98: 0
B99: Reembolso de obra | D99: 0 | E99: 0 | F99: 0 | G99: 134900 | H99: 279841 | I99: 305142 | J99: 289502 | K99: 259168 | L99: 242703 | N99: 0 | O99: 0 | P99: 0 | Q99: =F99 -> 0 | R99: 0 | S99: 40317 | T99: 96421 | U99: =G99 -> 134900 | V99: 240822 | W99: 258987 | X99: 263197 | Y99: =H99 -> 279841 | Z99: 293846 | AA99: 301622 | AB99: 301622 | AC99: =I99 -> 305142 | AD99: 302082 | AE99: 297776 | AF99: 295099 | AG99: 289502 | AH99: 282150 | AI99: 274563 | AJ99: 266937 | AK99: 259168 | AL99: 251050 | AM99: 242703
B100: Ativos de obras a executar | D100: 0 | E100: 0 | F100: 52222 | G100: 76980 | H100: 0 | I100: 0 | J100: 0 | K100: 0 | L100: 0 | N100: 0 | O100: 0 | P100: 0 | Q100: =F100 -> 52222 | R100: 51887 | S100: 42048 | T100: 41938 | U100: =G100 -> 76980 | V100: 0 | W100: 0 | X100: 0 | Y100: =H100 -> 0 | Z100: =M100 -> 0 | AA100: 0 | AB100: =M100 -> 0 | AC100: =I100 -> 0 | AD100: 0 | AE100: 0 | AF100: 0 | AG100: 0 | AH100: 0 | AI100: 0 | AJ100: 0 | AK100: 0 | AL100: 0 | AM100: 0
B101: Depósitos judiciais | D101: 14456 | E101: 25065 | F101: 27651 | G101: 36649 | H101: 56071 | I101: 48138 | J101: 51177 | K101: 60666 | L101: 63906 | N101: 25765 | O101: 26223 | P101: 27041 | Q101: =F101 -> 27651 | R101: 28350 | S101: 29348 | T101: 31032 | U101: =G101 -> 36649 | V101: 40930 | W101: 45376.181 | X101: 51271 | Y101: =H101 -> 56071 | Z101: 61005 | AA101: 64704 | AB101: 68260 | AC101: =I101 -> 48138 | AD101: 49470 | AE101: 47292 | AF101: 50192 | AG101: 51177 | AH101: 53456 | AI101: 53881 | AJ101: 57390 | AK101: 60666 | AL101: 61392 | AM101: 63906
B102: IR e CSLL diferidos | D102: 5556 | E102: 12287 | F102: 49782 | G102: 76171 | H102: 69551 | I102: 58127 | J102: 229929 | K102: 234266 | L102: 235189 | N102: 14715 | O102: 16742 | P102: 11487 | Q102: =F102 -> 49782 | R102: 55350 | S102: 63791 | T102: 69627 | U102: =G102 -> 76171 | V102: 85318 | W102: 78830.991 | X102: 76409 | Y102: =H102 -> 69551 | Z102: 60651 | AA102: 47625 | AB102: 48705 | AC102: =I102 -> 58127 | AD102: 62226 | AE102: 263872 | AF102: 231274 | AG102: 229929 | AH102: 225364 | AI102: 224820 | AJ102: 231401 | AK102: 234266 | AL102: 233511 | AM102: 235189
B103: Derivativos | I103: 9800 | J103: 0 | K103: 0 | L103: 0 | AC103: =I103 -> 9800 | AD103: 4678 | AE103: 0 | AF103: 0 | AG103: 0 | AH103: 0 | AI103: 0 | AK103: 0 | AM103: 0
B104: Investimentos | D104: 35 | E104: 35 | F104: 35 | G104: 40144 | H104: 43626 | I104: 18812 | J104: 14332 | K104: 11506 | L104: 10879 | N104: 35 | O104: 35 | P104: 35 | Q104: =F104 -> 35 | R104: 35 | S104: 35 | T104: 35 | U104: =G104 -> 40144 | V104: 40950 | W104: 44212.442 | X104: 45380 | Y104: =H104 -> 43626 | Z104: 45584 | AA104: 18757 | AB104: 18867 | AC104: =I104 -> 18812 | AD104: 18481 | AE104: 16820 | AF104: 15773 | AG104: 14332 | AH104: 12393 | AI104: 12174 | AJ104: 11837 | AK104: 11506 | AL104: 10978 | AM104: 10879
B105: Propriedade para investimento | D105: 64602 | E105: 63772 | F105: 0 | G105: 0 | H105: 0 | I105: 0 | J105: 0 | K105: 0 | L105: 0 | N105: 63564 | O105: 63355 | P105: 63149 | Q105: =F105 -> 0 | R105: 0 | S105: 0 | T105: 0 | U105: =G105 -> 0 | V105: 0 | W105: 0 | X105: 0 | Y105: =H105 -> 0 | Z105: =M105 -> 0 | AA105: 0 | AB105: =M105 -> 0 | AC105: =I105 -> 0 | AD105: 0 | AE105: 0 | AF105: 0 | AG105: 0 | AH105: 0 | AI105: 0 | AK105: 0 | AM105: 0
B106: Direito de uso | D106: 0 | E106: 3091 | F106: 400435 | G106: 548519 | H106: 719828 | I106: 753232 | J106: 656637 | K106: 665852 | L106: 680145 | N106: 7123 | O106: 6363 | P106: 5604 | Q106: =F106 -> 400435 | R106: 396376 | S106: 392320 | T106: 388264 | U106: =G106 -> 548519 | V106: 584361 | W106: 718163.58 | X106: 710652 | Y106: =H106 -> 719828 | Z106: 770062 | AA106: 767511 | AB106: 759846 | AC106: =I106 -> 753232 | AD106: 775593 | AE106: 595457 | AF106: 662899 | AG106: 656637 | AH106: 674020 | AI106: 676384 | AJ106: 675117 | AK106: 665852 | AL106: 680173 | AM106: 680152
B107: Imobilizado | D107: 645255 | E107: 697849 | F107: 95640 | G107: 249977 | H107: 666011 | I107: 764594 | J107: 840594 | K107: 811604 | L107: 797912 | N107: 703917 | O107: 704942 | P107: 714406 | Q107: =F107 -> 95640 | R107: 101059 | S107: 104520 | T107: 156430 | U107: =G107 -> 249977 | V107: 424369 | W107: 471319.63 | X107: 513841 | Y107: =H107 -> 666011 | Z107: 694394 | AA107: 708395 | AB107: 719793 | AC107: =I107 -> 764594 | AD107: 811051 | AE107: 814346 | AF107: 835309 | AG107: 840594 | AH107: 832274 | AI107: 816386 | AJ107: 814564 | AK107: 811604 | AL107: 793001 | AM107: 797835
B108: Intangível | D108: 6593 | E108: 5148 | F108: 2894 | G108: 1177727 | H108: 1844301 | I108: 1853209 | J108: 730289 | K108: 730498 | L108: 729965 | N108: 4717 | O108: 4273 | P108: 4235 | Q108: =F108 -> 2894 | R108: 2989 | S108: 5174 | T108: 7709 | U108: =G108 -> 1177727 | V108: 1645423 | W108: 1800030.8 | X108: 1953524 | Y108: =H108 -> 1844301 | Z108: 1844124 | AA108: 1847933 | AB108: 1851174 | AC108: =I108 -> 1853209 | AD108: 1853647 | AE108: 728259 | AF108: 728753 | AG108: 730289 | AH108: 729901 | AI108: 731672 | AJ108: 730981 | AK108: 730498 | AL108: 730070 | AM108: 729605
B109: Outros ativos não circulantes | H109: 93787 | I109: 102224 | J109: 50690 | K109: 45236 | L109: 45947 | R109: 0 | S109: 0 | T109: 0 | U109: 0 | V109: 0 | W109: 0 | X109: 0 | Y109: =H109 -> 93787 | Z109: 95468 | AA109: 96314 | AB109: 95210 | AC109: =I109 -> 102224 | AD109: 100276 | AE109: 51160 | AF109: 49766 | AG109: 50690 | AH109: 48954 | AI109: 49273 | AJ109: 49781 | AK109: 45236 | AL109: 59390 | AM109: 59457
...

Sheet English
H3: Investor Relations
H4: E-mail for questions: ri@materdei.com.br
D6: 2018 | E6: 2019 | F6: 2020 | G6: 2021 | H6: 2022 | I6: 2023 | J6: 2024 | K6: 2025 | L6: 6M26 | N6: 1Q20 | O6: 2Q20 | P6: 3Q20 | Q6: 4Q20 | R6: 1Q21 | S6: 2Q21 | T6: 3Q21 | U6: 4Q21 | V6: 1Q22 | W6: 2Q22 | X6: 3Q22 | Y6: 4Q22 | Z6: 1Q23 | AA6: 2Q23 | AB6: 3Q23 | AC6: 4Q23 | AD6: 1Q24 | AE6: 2Q24 | AF6: 3Q24 | AG6: 4Q24 | AH6: 1Q25 | AI6: 2Q25 | AJ6: 3Q25 | AK6: 4Q25 | AL6: 1Q26 | AM6: 2Q26
B7: Operational Indicators
B8: Capacity (EoP) | D8: =Português!D8 -> 675 | E8: =Português!E8 -> 1081 | F8: =Português!F8 -> 1081 | G8: =Português!G8 -> 1469 | H8: =Português!H8 -> 2497 | I8: =Português!I8 -> 2497 | J8: 2212 | K8: 2212 | L8: 2212 | N8: =Português!N8 -> 1081 | O8: =Português!O8 -> 1081 | P8: =Português!P8 -> 1081 | Q8: =Português!Q8 -> 1081 | R8: =Português!R8 -> 1081 | S8: =Português!S8 -> 1081 | T8: =Português!T8 -> 1081 | U8: =Português!U8 -> 1469 | ... AF8: =Português!AF8 -> 2212 | AG8: 2212 | AH8: 2212 | AI8: 2212 | AJ8: 2212 | AK8: 2212 | AL8: 2212 | AM8: 2212
B9: Operational beds (AoP) | D9: =Português!D9 -> 433 | E9: =Português!E9 -> 508.66027 | F9: =Português!F9 -> 524.43989 | G9: =Português!G9 -> 653 | H9: =Português!H9 -> 1290 | I9: =Português!I9 -> 1561.6274 | J9: 1463.2049 | K9: 1212.7589 | L9: 1197 | N9: =Português!N9 -> 515.59341 | O9: =Português!O9 -> 497.76923 | P9: =Português!P9 -> 515.09783 | Q9: =Português!Q9 -> 569 | R9: =Português!R9 -> 624.46667 | S9: =Português!S9 -> 646.32967 | T9: =Português!T9 -> 573.97826 | U9: =Português!U9 -> 767 | ... AF9: =Português!AF9 -> 1532 | AG9: 1187.4239 | AH9: 1166 | AI9: 1231 | AJ9: 1246 | AK9: 1207.0435 | AL9: 1168 | AM9: 1225
B10: Used beds (AoP) | D10: =Português!D10 -> 312.91781 | E10: =Português!E10 -> 343.4274 | F10: =Português!F10 -> 319.31148 | G10: =Português!G10 -> 457 | H10: =Português!H10 -> 903 | I10: =Português!I10 -> 1107.7781 | J10: 1097.3661 | K10: 919.99178 | L10: 940.842 | N10: =Português!N10 -> 326.82418 | O10: =Português!O10 -> 261.92308 | P10: =Português!P10 -> 326.78261 | Q10: =Português!Q10 -> 361 | R10: =Português!R10 -> 425.46667 | S10: =Português!S10 -> 482.6044 | T10: =Português!T10 -> 389.57609 | U10: =Português!U10 -> 531 | ... AF10: =Português!AF10 -> 1115 | AG10: 851.63043 | AH10: 865.172 | AI10: 959.79045 | AJ10: 951 | AK10: 903.71739 | AL10: 918.048 | AM10: 964.075
B11: Occupancy rate (AoP) | D11: =D10/D9 -> 0.72267392 | E11: =E10/E9 -> 0.67516064 | F11: =F10/F9 -> 0.60886191 | G11: =G10/G9 -> 0.69984686 | H11: =H10/H9 -> 0.7 | I11: =I10/I9 -> 0.70937413 | J11: 0.74997432 | K11: =K10/K9 -> 0.75859413 | L11: 0.786 | N11: =N10/N9 -> 0.63387966 | O11: =O10/O9 -> 0.52619379 | P11: =P10/P9 -> 0.63440883 | Q11: =Q10/Q9 -> 0.6344464 | R11: =R10/R9 -> 0.68132807 | S11: =S10/S9 -> 0.74668458 | T11: =T10/T9 -> 0.67872969 | U11: =U10/U9 -> 0.69230769 | ... AF11: =AF10/AF9 -> 0.72780679 | AG11: 0.71720843 | AH11: 0.742 | AI11: 0.77968355 | AJ11: =AJ10/AJ9 -> 0.76324238 | AK11: =AK10/AK9 -> 0.74870326 | AL11: 0.786 | AM11: 0.787
B12: Average ticket* (R$ Millions per used bed) | D12: =Português!D12 -> 2.1402809 | E12: =Português!E12 -> 2.2715922 | F12: =Português!F12 -> 2.414041 | G12: =Português!G12 -> 2.4124289 | H12: =Português!H12 -> 2.1896228 | I12: =Português!I12 -> 2.241309 | J12: 2.2936903 | K12: 2.6605956 | L12: 2.86 | N12: =Português!N12 -> 2.2404282 | O12: =Português!O12 -> 2.3868374 | P12: =Português!P12 -> 2.5413781 | Q12: =Português!Q12 -> 2.4517187 | R12: =Português!R12 -> 2.3287385 | S12: =Português!S12 -> 2.3975705 | T12: =Português!T12 -> 2.6541909 | U12: =Português!U12 -> 2.3092235 | ... AF12: =Português!AF12 -> 2.302678 | AG12: 2.5575202 | AH12: 2.6356769 | AI12: 2.55 | AJ12: 2.67 | AK12: 2.7911166 | AL12: 2.86 | AM12: 2.87
B13: * Occupancy rate is calculated according to ANAHP’s (National Association of Private Hospitals) methodology, considering only as occupied beds the ones used by overnight patients;
B14: ** For quarters, the gross revenue is annualized
B16: Income Statement (R$ Thousands) - Consolidated | D16: =D6 -> 2018 | E16: =E6 -> 2019 | F16: =F6 -> 2020 | G16: =G6 -> 2021 | H16: 2022 | I16: 2023 | J16: 2024 | K16: 2025 | L16: 1Q26 | N16: =N6 -> 1Q20 | O16: =O6 -> 2Q20 | P16: =P6 -> 3Q20 | Q16: =Q6 -> 4Q20 | R16: =R6 -> 1Q21 | S16: =S6 -> 2Q21 | T16: =T6 -> 3Q21 | U16: =U6 -> 4Q21 | ... W16: =W6 -> 2Q22 | X16: 3Q22 | Y16: =Y6 -> 4Q22 | Z16: 1Q23 | AA16: 2Q23 | AB16: 3Q23 | AC16: 4Q23 | AD16: 1Q24 | AE16: 2Q24 | AF16: 3Q24 | AG16: 4Q24 | AH16: 1Q25 | AI16: 2Q25 | AJ16: 3Q25 | AK16: 4Q25 | AL16: 1Q26 | AM16: 2Q26
B17: Gross Revenue | D17: =SUM(D18:D20) -> 669732 | E17: =SUM(E18:E20) -> 780127 | F17: =SUM(F18:F20) -> 770831 | G17: =SUM(G18:G20) -> 1102480 | H17: =SUM(H18:H20) -> 1977229.4 | I17: =SUM(I18:I20) -> 2482873 | J17: 2517018 | K17: 2442297 | L17: 644322 | N17: =SUM(N18:N20) -> 182555 | O17: =SUM(O18:O20) -> 155863.75 | P17: =SUM(P18:P20) -> 209326 | Q17: =SUM(Q18:Q20) -> 223086.25 | R17: =SUM(R18:R20) -> 244307 | S17: =SUM(S18:S20) -> 288477 | T17: =SUM(T18:T20) -> 260627 | U17: =SUM(U18:U20) -> 309069 | ... AF17: =SUM(AF18:AF20) -> 645379 | AG17: 547491 | AH17: 560355 | AI17: 609862 | AJ17: 637565 | AK17: 634515 | AL17: 644322 | AM17: 688461
B18: Healthcare operators | D18: =Português!D18 -> 627463 | E18: =Português!E18 -> 727808 | F18: =Português!F18 -> 708037 | G18: =Português!G18 -> 1012784 | H18: =Português!H18 -> 1839190.4 | I18: =Português!I18 -> 2314041 | J18: 2325779 | K18: 2263840 | L18: 597269 | N18: =Português!N18 -> 168270 | O18: =Português!O18 -> 143910.75 | P18: =Português!P18 -> 188899 | Q18: =Português!Q18 -> 206957.25 | R18: =Português!R18 -> 222167 | S18: =Português!S18 -> 263231 | T18: =Português!T18 -> 240826 | U18: =Português!U18 -> 286560 | ... AF18: =Português!AF18 -> 596398 | AG18: 503801 | AH18: 517268 | AI18: 565214 | AJ18: 591490 | AK18: 589868 | AL18: 597269 | AM18: 641255
B19: Out-of-pocket patients | D19: =Português!D19 -> 28174 | E19: =Português!E19 -> 36298 | F19: =Português!F19 -> 46627 | G19: =Português!G19 -> 71171 | H19: =Português!H19 -> 113108 | I19: =Português!I19 -> 139425 | J19: 157318 | K19: 142152 | L19: 36975 | N19: =Português!N19 -> 9250 | O19: =Português!O19 -> 7636 | P19: =Português!P19 -> 14463 | Q19: =Português!Q19 -> 15278 | R19: =Português!R19 -> 17741 | S19: =Português!S19 -> 21135 | T19: =Português!T19 -> 14818 | U19: =Português!U19 -> 17477 | ... AF19: =Português!AF19 -> 40239 | AG19: 35661 | AH19: 33865 | AI19: 35602 | AJ19: 36877 | AK19: 35808 | AL19: 36975 | AM19: 36480
B20: Other revenues | D20: =Português!D20 -> 14095 | E20: =Português!E20 -> 16021 | F20: =Português!F20 -> 16167 | G20: =Português!G20 -> 18525 | H20: =Português!H20 -> 24931 | I20: =Português!I20 -> 29407 | J20: 33921 | K20: 36305 | L20: 10078 | N20: =Português!N20 -> 5035 | O20: =Português!O20 -> 4317 | P20: =Português!P20 -> 5964 | Q20: =Português!Q20 -> 851 | R20: =Português!R20 -> 4399 | S20: =Português!S20 -> 4111 | T20: =Português!T20 -> 4983 | U20: =Português!U20 -> 5032 | ... AF20: =Português!AF20 -> 8742 | AG20: 8029 | AH20: 9222 | AI20: 9046 | AJ20: 9198 | AK20: 8839 | AL20: 10078 | AM20: 10726
B21: Taxes and deductions | D21: =Português!D21 -> -43176 | E21: =Português!E21 -> -47488 | F21: =Português!F21 -> -52970 | G21: =Português!G21 -> -78167 | H21: =Português!H21 -> -214097.43 | I21: =Português!I21 -> -295208 | J21: -291017 | K21: -267012 | L21: -69364 | N21: =Português!N21 -> -12314 | O21: =Português!O21 -> -11888 | P21: =Português!P21 -> -13968 | Q21: =Português!Q21 -> -14800 | R21: =Português!R21 -> -17547 | S21: =Português!S21 -> -19547 | T21: =Português!T21 -> -20225 | U21: =Português!U21 -> -20848 | ... AF21: =Português!AF21 -> -74558 | AG21: -60453 | AH21: -61037 | AI21: -64055 | AJ21: -69708 | AK21: -72212 | AL21: -69364 | AM21: -74828
B22: Net revenue | D22: =D17+D21 -> 626556 | E22: =E17+E21 -> 732639 | F22: =F17+F21 -> 717861 | G22: =G17+G21 -> 1024313 | H22: =H17+H21 -> 1763132 | I22: =I17+I21 -> 2187665 | J22: 2226001 | K22: 2175285 | L22: 574958 | N22: =N17+N21 -> 170241 | O22: =O17+O21 -> 143975.75 | P22: =P17+P21 -> 195358 | Q22: =Q17+Q21 -> 208286.25 | R22: =R17+R21 -> 226760 | S22: =S17+S21 -> 268930 | T22: =T17+T21 -> 240402 | U22: =U17+U21 -> 288221 | ... AF22: =AF17+AF21 -> 570821 | AG22: 487038 | AH22: 499318 | AI22: 545807 | AJ22: 567857 | AK22: 562303 | AL22: 574958 | AM22: 613633
B23: Cost of services provided | D23: =SUM(D24:D29) -> -341640.35 | E23: =SUM(E24:E29) -> -396956 | F23: =SUM(F24:F29) -> -455665 | G23: =SUM(G24:G29) -> -619652 | H23: =SUM(H24:H29) -> -1139945 | I23: =SUM(I24:I29) -> -1475816 | J23: -1555404 | K23: -1523868 | L23: -401037 | N23: =SUM(N24:N29) -> -110159 | O23: =SUM(O24:O29) -> -104386 | P23: =SUM(P24:P29) -> -112867.6 | Q23: =SUM(Q24:Q29) -> -128252.4 | R23: =SUM(R24:R29) -> -137895 | S23: =SUM(S24:S29) -> -149990.6 | T23: =SUM(T24:T29) -> -156084 | U23: =SUM(U24:U29) -> -175682.4 | ... AF23: =SUM(AF24:AF29) -> -397247 | AG23: -358011 | AH23: -355530 | AI23: -380981.94 | AJ23: -396737.06 | AK23: -390619 | AL23: -401037 | AM23: -426901
B24: Medical supplies and Drugs | D24: =Português!D24 -> -161439 | E24: =Português!E24 -> -178904.75 | F24: =Português!F24 -> -194181 | G24: =Português!G24 -> -283228 | H24: =Português!H24 -> -426534 | I24: =Português!I24 -> -528486 | J24: -547158 | K24: -579991 | L24: -155683 | N24: =Português!N24 -> -45936 | O24: =Português!O24 -> -41531 | P24: =Português!P24 -> -48927 | Q24: =Português!Q24 -> -57787 | R24: =Português!R24 -> -65905 | S24: =Português!S24 -> -71005 | T24: =Português!T24 -> -73123 | U24: =Português!U24 -> -73195 | ... AF24: =Português!AF24 -> -135669 | AG24: -129743 | AH24: -129756 | AI24: -147156 | AJ24: -154787 | AK24: -148292 | AL24: -155683 | AM24: -170198
B25: Personnel | D25: =Português!D25 -> -62839.184 | E25: =Português!E25 -> -76654.258 | F25: =Português!F25 -> -114226 | G25: =Português!G25 -> -157509 | H25: =Português!H25 -> -318703 | I25: =Português!I25 -> -409441 | J25: -448711 | K25: -431076 | L25: -113881 | N25: =Português!N25 -> -25625 | O25: =Português!O25 -> -27649 | P25: =Português!P25 -> -28361 | Q25: =Português!Q25 -> -32591 | R25: =Português!R25 -> -33644 | S25: =Português!S25 -> -39174 | T25: =Português!T25 -> -39295 | U25: =Português!U25 -> -45396 | ... AF25: =Português!AF25 -> -119559 | AG25: -100331 | AH25: -104189 | AI25: -106245 | AJ25: -110867 | AK25: -109775 | AL25: -113881 | AM25: -116454
B26: Medical services | D26: =Português!D26 -> -30430 | E26: =Português!E26 -> -33002.036 | F26: =Português!F26 -> -31857 | G26: =Português!G26 -> -52573 | H26: =Português!H26 -> -171596 | I26: =Português!I26 -> -252300 | J26: -258070 | K26: -231631 | L26: -60619 | N26: =Português!N26 -> -9081 | O26: =Português!O26 -> -8161 | P26: =Português!P26 -> -7977 | Q26: =Português!Q26 -> -6638 | R26: =Português!R26 -> -9468 | S26: =Português!S26 -> -9787 | T26: =Português!T26 -> -12728 | U26: =Português!U26 -> -20590 | ... AF26: =Português!AF26 -> -68922 | AG26: -54444 | AH26: -55074 | AI26: -57401 | AJ26: -59719 | AK26: -59437 | AL26: -60619 | AM26: -66696
B27: Maintenance and conservation | D27: =Português!D27 -> -23184 | E27: =Português!E27 -> -29633.096 | F27: =Português!F27 -> -32719 | G27: =Português!G27 -> -37059 | H27: =Português!H27 -> -61571 | I27: =Português!I27 -> -87706 | J27: -99475 | K27: -92464 | L27: -24153 | N27: =Português!N27 -> -8347 | O27: =Português!O27 -> -7758 | P27: =Português!P27 -> -7338 | Q27: =Português!Q27 -> -9276 | R27: =Português!R27 -> -8470 | S27: =Português!S27 -> -8382 | T27: =Português!T27 -> -8667 | U27: =Português!U27 -> -11540 | ... AF27: =Português!AF27 -> -24544 | AG27: -22463 | AH27: -21536 | AI27: -22945 | AJ27: -23103 | AK27: -24880 | AL27: -24153 | AM27: -24766
B28: Depreciation and amortization | D28: =Português!D28 -> -28906 | E28: =Português!E28 -> -34146.615 | F28: =Português!F28 -> -29809 | G28: =Português!G28 -> -32486 | H28: =Português!H28 -> -74328 | I28: =Português!I28 -> -82432 | J28: -88707 | K28: -89870 | L28: -21101 | N28: =Português!N28 -> -7146 | O28: =Português!O28 -> -7774 | P28: =Português!P28 -> -5831.6 | Q28: =Português!Q28 -> -9057.4 | R28: =Português!R28 -> -7054 | S28: =Português!S28 -> -7315.6 | T28: =Português!T28 -> -7368 | U28: =Português!U28 -> -10748.4 | ... AF28: =Português!AF28 -> -21428 | AG28: -23558 | AH28: -22034 | AI28: -21983.935 | AJ28: -22429.065 | AK28: -23423 | AL28: -21101 | AM28: -21378
B29: Other costs | D29: =Português!D29 -> -34842.162 | E29: =Português!E29 -> -44615.247 | F29: =Português!F29 -> -52873 | G29: =Português!G29 -> -56797 | H29: =Português!H29 -> -87213 | I29: =Português!I29 -> -115451 | J29: -113283 | K29: -98836 | L29: -25600 | N29: =Português!N29 -> -14024 | O29: =Português!O29 -> -11513 | P29: =Português!P29 -> -14433 | Q29: =Português!Q29 -> -12903 | R29: =Português!R29 -> -13354 | S29: =Português!S29 -> -14327 | T29: =Português!T29 -> -14903 | U29: =Português!U29 -> -14213 | ... AF29: =Português!AF29 -> -27125 | AG29: -27472 | AH29: -22941 | AI29: -25251 | AJ29: -25832 | AK29: -24812 | AL29: -25600 | AM29: -27409
B30: Gross Profit | D30: =SUM(D22:D23) -> 284915.65 | E30: =SUM(E22:E23) -> 335683 | F30: =SUM(F22:F23) -> 262196 | G30: =SUM(G22:G23) -> 404661 | H30: =SUM(H22:H23) -> 623187 | I30: =SUM(I22:I23) -> 711849 | J30: 670597 | K30: 651417 | L30: 173921 | N30: =SUM(N22:N23) -> 60082 | O30: =SUM(O22:O23) -> 39589.75 | P30: =SUM(P22:P23) -> 82490.4 | Q30: =SUM(Q22:Q23) -> 80033.85 | R30: =SUM(R22:R23) -> 88865 | S30: =SUM(S22:S23) -> 118939.4 | T30: =SUM(T22:T23) -> 84318 | U30: =SUM(U22:U23) -> 112538.6 | ... AF30: =SUM(AF22:AF23) -> 173574 | AG30: 129027 | AH30: 143788 | AI30: 164825.06 | AJ30: 171119.94 | AK30: 171684 | AL30: 173921 | AM30: 186732
B31: % gross margin | D31: =D30/D22 -> 0.45473294 | E31: =E30/E22 -> 0.45818336 | F31: =F30/F22 -> 0.3652462 | G31: =G30/G22 -> 0.395056 | H31: =H30/H22 -> 0.35345453 | I31: =I30/I22 -> 0.32539214 | J31: 0.30125638 | K31: 0.29946283 | L31: 0.3024934 | N31: =N30/N22 -> 0.35292321 | O31: =O30/O22 -> 0.27497513 | P31: =P30/P22 -> 0.42225248 | Q31: =Q30/Q22 -> 0.38424932 | R31: =R30/R22 -> 0.3918901 | S31: =S30/S22 -> 0.44226899 | T31: =T30/T22 -> 0.35073751 | U31: =U30/U22 -> 0.3904594 | ... AF31: =AF30/AF22 -> 0.30407781 | AG31: 0.26492183 | AH31: 0.28796879 | AI31: =AI30/AI22 -> 0.30198415 | AJ31: 0.30134336 | AK31: 0.30532293 | AL31: 0.3024934 | AM31: 0.30430567
B32: General and administrative expenses | D32: =SUM(D33:D35) -> -96027 | E32: =SUM(E33:E35) -> -116567 | F32: =SUM(F33:F35) -> -89258 | G32: =SUM(G33:G35) -> -134118.2 | H32: =SUM(H33:H35) -> -269092 | I32: =SUM(I33:I35) -> -296288 | J32: -298709 | K32: -276928 | L32: -71733 | N32: =SUM(N33:N35) -> -22530 | O32: =SUM(O33:O35) -> -22462 | P32: =SUM(P33:P35) -> -21549.4 | Q32: =SUM(Q33:Q35) -> -22716.6 | R32: =SUM(R33:R35) -> -25780 | S32: =SUM(S33:S35) -> -26562.4 | T32: =SUM(T33:T35) -> -24967 | U32: =SUM(U33:U35) -> -56808.8 | ... AF32: =SUM(AF33:AF35) -> -79928 | AG32: -69175 | AH32: -67234 | AI32: -68256.4 | AJ32: -70862.6 | AK32: -70575 | AL32: -71733 | AM32: -75398
B33: Personnel | D33: =Português!D33 -> -78534 | E33: =Português!E33 -> -93849.249 | F33: =Português!F33 -> -68980 | G33: =Português!G33 -> -93808 | H33: =Português!H33 -> -155741 | I33: =Português!I33 -> -189607 | J33: -190625 | K33: -169552 | L33: -43099 | N33: =Português!N33 -> -18169 | O33: =Português!O33 -> -17872 | P33: =Português!P33 -> -14706 | Q33: =Português!Q33 -> -18233 | R33: =Português!R33 -> -20773 | S33: =Português!S33 -> -23339 | T33: =Português!T33 -> -21243 | U33: =Português!U33 -> -28453 | ... AF33: =Português!AF33 -> -50492 | AG33: -43309 | AH33: -43422 | AI33: -42434 | AJ33: -41678 | AK33: -42018 | AL33: -43099 | AM33: -43762
B34: Depreciation and amortization | D34: =Português!D34 -> -6571 | E34: =Português!E34 -> -11908.931 | F34: =Português!F34 -> -8091 | G34: =Português!G34 -> -8366.2 | H34: =Português!H34 -> -15744 | I34: =Português!I34 -> -19570 | J34: -20334 | K34: -21235 | L34: -7775 | N34: =Português!N34 -> -1838 | O34: =Português!O34 -> -1892 | P34: =Português!P34 -> -3777.4 | Q34: =Português!Q34 -> -583.6 | R34: =Português!R34 -> -1764 | S34: =Português!S34 -> -1828.4 | T34: =Português!T34 -> -1842 | U34: =Português!U34 -> -2931.8 | ... AF34: =Português!AF34 -> -5816 | AG34: -3330 | AH34: -5232 | AI34: -5214.4 | AJ34: -5326.6 | AK34: -5462 | AL34: -7775 | AM34: -7958
B35: Other expenses | D35: =Português!D35 -> -10922 | E35: =Português!E35 -> -10808.82 | F35: =Português!F35 -> -12187 | G35: =Português!G35 -> -31944 | H35: =Português!H35 -> -97607 | I35: =Português!I35 -> -87111 | J35: -87750 | K35: -86141 | L35: -20859 | N35: =Português!N35 -> -2523 | O35: =Português!O35 -> -2698 | P35: =Português!P35 -> -3066 | Q35: =Português!Q35 -> -3900 | R35: =Português!R35 -> -3243 | S35: =Português!S35 -> -1395 | T35: =Português!T35 -> -1882 | U35: =Português!U35 -> -25424 | ... AF35: =Português!AF35 -> -23620 | AG35: -22536 | AH35: -18580 | AI35: -20608 | AJ35: -23858 | AK35: -23095 | AL35: -20859 | AM35: -23678
B36: Other operating income (expenses) | D36: =Português!D36 -> -4493 | E36: =Português!E36 -> -8157 | F36: =Português!F36 -> -56136 | G36: =Português!G36 -> -28275 | H36: =Português!H36 -> -16193 | I36: =Português!I36 -> 8048 | J36: 46529 | K36: -20764 | L36: -6713 | N36: =Português!N36 -> -9788 | O36: =Português!O36 -> -3349 | P36: =Português!P36 -> -4912 | Q36: =Português!Q36 -> -38087 | R36: =Português!R36 -> -9815 | S36: =Português!S36 -> -8597 | T36: =Português!T36 -> 558 | U36: =Português!U36 -> -10421 | ... AF36: =Português!AF36 -> 70154 | AG36: -9205 | AH36: -7240 | AI36: =-8573 -> -8573 | AJ36: -2152 | AK36: -2799 | AL36: -6713 | AM36: -2076
B37: Impairment of assets | D37: =Português!D37 -> 0 | E37: =Português!E37 -> 0 | F37: =Português!F37 -> 0 | G37: =Português!G37 -> 0 | H37: =Português!H37 -> 0 | I37: =Português!I37 -> 0 | J37: -754264 | K37: 0 | L37: 0 | V37: =Português!V37 -> 0 | W37: =Português!W37 -> 0 | X37: =Português!X37 -> 0 | Y37: =Português!Y37 -> 0 | Z37: =Português!Z37 -> 0 | AA37: =Português!AA37 -> 0 | AB37: =Português!AB37 -> 0 | AC37: =Português!AC37 -> 0 | ... AF37: =Português!AF37 -> -10122 | AG37: 0 | AH37: 0 | AJ37: 0 | AK37: 0 | AL37: 0 | AM37: 0
B38: EBIT | D38: =(D30+D32+D36) -> 184395.65 | E38: =(E30+E32+E36) -> 210959 | F38: =(F30+F32+F36) -> 116802 | G38: =(G30+G32+G36) -> 242267.8 | H38: =(H30+H32+H36) -> 337902 | I38: =(I30+I32+I36) -> 423609 | J38: -335847 | K38: 353725 | L38: 95475 | N38: =(N30+N32+N36) -> 27764 | O38: =(O30+O32+O36) -> 13778.75 | P38: =(P30+P32+P36) -> 56029 | Q38: =(Q30+Q32+Q36) -> 19230.25 | R38: =(R30+R32+R36) -> 53270 | S38: =(S30+S32+S36) -> 83780 | T38: =(T30+T32+T36) -> 59909 | U38: =(U30+U32+U36) -> 45308.8 | ... AD38: =(AD30+AD32+AD36) -> 112147 | AE38: =(AE30+AE32+AE36+AE37) -> -652319 | AF38: =(AF30+AF32+AF36+AF37) -> 153678 | AG38: 50647 | AH38: 69314 | AI38: 87995.665 | AJ38: 98105.335 | AK38: 98310 | AL38: 95475 | AM38: 109258
B39: Financial revenues | D39: =Português!D39 -> 25584 | E39: =Português!E39 -> 22734 | F39: =Português!F39 -> 13244 | G39: =Português!G39 -> 66874 | H39: =Português!H39 -> 90426 | I39: =Português!I39 -> 59459 | J39: 89616 | K39: 115628 | L39: 25788 | N39: =Português!N39 -> 4204 | O39: =Português!O39 -> 1547 | P39: =Português!P39 -> 4328 | Q39: =Português!Q39 -> 3165 | R39: =Português!R39 -> 4578 | S39: =Português!S39 -> 13827 | T39: =Português!T39 -> 21525 | U39: =Português!U39 -> 26944 | ... AF39: =Português!AF39 -> 34106 | AG39: 27664 | AH39: 26543 | AI39: 29909 | AJ39: 30202 | AK39: 28974 | AL39: 25788 | AM39: 28393
B40: Financial expenses | D40: =Português!D40 -> -19573 | E40: =Português!E40 -> -22595 | F40: =Português!F40 -> -27284 | G40: =Português!G40 -> -88662 | H40: =Português!H40 -> -242494 | I40: =Português!I40 -> -274275 | J40: -252379 | K40: -302268 | L40: -70169 | N40: =Português!N40 -> -8912 | O40: =Português!O40 -> -5515 | P40: =Português!P40 -> -5361 | Q40: =Português!Q40 -> -7496 | R40: =Português!R40 -> -18271 | S40: =Português!S40 -> -17385 | T40: =Português!T40 -> -15828 | U40: =Português!U40 -> -37178 | ... AF40: =Português!AF40 -> -65963 | AG40: -62656 | AH40: -65683 | AI40: -76328 | AJ40: -85706 | AK40: -74551 | AL40: -70169 | AM40: -71014
B41: Net financial result | D41: =SUM(D39:D40) -> 6011 | E41: =SUM(E39:E40) -> 139 | F41: =SUM(F39:F40) -> -14040 | G41: =SUM(G39:G40) -> -21788 | H41: =SUM(H39:H40) -> -152068 | I41: =SUM(I39:I40) -> -214816 | J41: -162763 | K41: -186640 | L41: -44381 | N41: =SUM(N39:N40) -> -4708 | O41: =SUM(O39:O40) -> -3968 | P41: =SUM(P39:P40) -> -1033 | Q41: =SUM(Q39:Q40) -> -4331 | R41: =SUM(R39:R40) -> -13693 | S41: =SUM(S39:S40) -> -3558 | T41: =SUM(T39:T40) -> 5697 | U41: =SUM(U39:U40) -> -10234 | ... AF41: =SUM(AF39:AF40) -> -31857 | AG41: -34992 | AH41: -39140 | AI41: -46419 | AJ41: -55504 | AK41: -45577 | AL41: -44381 | AM41: -42621
B42: EBT | D42: =D38+D41 -> 190406.65 | E42: =E38+E41 -> 211098 | F42: =F38+F41 -> 102762 | G42: =G38+G41 -> 220479.8 | H42: =H38+H41 -> 185834 | I42: =I38+I41 -> 208793 | J42: -498610 | K42: 167085 | L42: 51094 | N42: =N38+N41 -> 23056 | O42: =O38+O41 -> 9810.75 | P42: =P38+P41 -> 54996 | Q42: =Q38+Q41 -> 14899.25 | R42: =R38+R41 -> 39577 | S42: =S38+S41 -> 80222 | T42: =T38+T41 -> 65606 | U42: =U38+U41 -> 35074.8 | ... AF42: =AF38+AF41 -> 121821 | AG42: 15655 | AH42: 30174 | AI42: 41576.665 | AJ42: 42601.335 | AK42: 52733 | AL42: 51094 | AM42: 66637
B43: Income Tax and Social Contribution | D43: =Português!D43 -> -65972 | E43: =Português!E43 -> -72994 | F43: =Português!F43 -> -30119 | G43: =Português!G43 -> -73634 | H43: =Português!H43 -> -63147 | I43: =Português!I43 -> -67546 | J43: 174706 | K43: -55169 | L43: -18528 | N43: =Português!N43 -> -7659 | O43: =Português!O43 -> -3335 | P43: =Português!P43 -> -18341 | Q43: =Português!Q43 -> -784 | R43: =Português!R43 -> -13123 | S43: =Português!S43 -> -26998 | T43: =Português!T43 -> -21972 | U43: =Português!U43 -> -11541 | ... AF43: =Português!AF43 -> -41290 | AG43: -7510 | AH43: -10001 | AI43: -14486 | AJ43: -15119 | AK43: -15563 | AL43: -18528 | AM43: -21650
B44: Net income | D44: =D42+D43 -> 124434.65 | E44: =E42+E43 -> 138104 | F44: =F42+F43 -> 72643 | G44: =G42+G43 -> 146845.8 | H44: =H42+H43 -> 122687 | I44: =I42+I43 -> 141247 | J44: -323904 | K44: 111916 | L44: 32566 | N44: =N42+N43 -> 15397 | O44: =O42+O43 -> 6475.75 | P44: =P42+P43 -> 36655 | Q44: =Q42+Q43 -> 14115.25 | R44: =R42+R43 -> 26454 | S44: =S42+S43 -> 53224 | T44: =T42+T43 -> 43634 | U44: =U42+U43 -> 23533.8 | ... AF44: =AF42+AF43 -> 80531 | AG44: 8145 | AH44: 20173 | AI44: 27090.665 | AJ44: 27482.335 | AK44: 37170 | AL44: 32566 | AM44: 44987
B45: % net margin | D45: =D44/D22 -> 0.19860101 | E45: =E44/E22 -> 0.18850211 | F45: =F44/F22 -> 0.10119369 | G45: =G44/G22 -> 0.14336028 | H45: =H44/H22 -> 0.069584694 | I45: =I44/I22 -> 0.064565187 | J45: -0.14550937 | K45: 0.051448891 | L45: 0.056640659 | N45: =N44/N22 -> 0.090442373 | O45: =O44/O22 -> 0.044978061 | P45: =P44/P22 -> 0.18762989 | Q45: =Q44/Q22 -> 0.067768516 | R45: =R44/R22 -> 0.11666079 | S45: =S44/S22 -> 0.19791024 | T45: =T44/T22 -> 0.18150431 | U45: =U44/U22 -> 0.081651927 | ... AF45: =AF44/AF22 -> 0.14107925 | AG45: 0.016723541 | AH45: 0.040401107 | AI45: =AI44/AI22 -> 0.049634146 | AJ45: 0.048396578 | AK45: 0.066103151 | AL45: 0.056640659 | AM45: 0.07331255
B46: Net income attributed to controlling partners | D46: =Português!D46 -> 124434.65 | E46: =Português!E46 -> 138104 | F46: =Português!F46 -> 72643 | G46: =Português!G46 -> 144919 | H46: =Português!H46 -> 103505 | I46: =Português!I46 -> 119654 | J46: -338440 | K46: 110511 | L46: 33205 | N46: =N44 -> 15397 | O46: =O44 -> 6475.75 | P46: =P44 -> 36655 | Q46: =Q44 -> 14115.25 | R46: =R44 -> 26454 | S46: =S44 -> 53224 | T46: =T44 -> 43634 | U46: 21607 | V46: 26585 | W46: 29221.353 | X46: =Português!X46 -> 33725 | Y46: =Português!Y46 -> 13973.647 | Z46: =Português!Z46 -> 27213 | AA46: =Português!AA46 -> 38092 | AB46: =Português!AB46 -> 28548 | AC46: =Português!AC46 -> 25801 | AD46: =Português!AD46 -> 42183 | AE46: =Português!AE46 -> -464267 | AF46: =Português!AF46 -> 75366 | AG46: 8278 | AH46: 19931 | AI46: 26234.54 | AJ46: 26865 | AK46: 37480 | AL46: 33205 | AM46: 44245
B47: Net income attributed to noncontrolling partners | D47: =Português!D47 -> 0 | E47: =Português!E47 -> 0 | F47: =Português!F47 -> 0 | G47: =Português!G47 -> 1927 | H47: =Português!H47 -> 19182 | I47: =Português!I47 -> 21593 | J47: 14536 | K47: 1405 | L47: -639 | U47: 1927 | V47: 4376 | W47: =W44-W46 -> 5552.75 | X47: =X44-X46 -> 5537 | Y47: =Y44-Y46 -> 3716.4499 | Z47: =Z44-Z46 -> 5369 | AA47: =AA44-AA46 -> 6852 | AB47: =AB44-AB46 -> 6683 | AC47: =AC44-AC46 -> 2689 | AD47: =AD44-AD46 -> 3776 | ... AF47: =AF44-AF46 -> 5165 | AG47: -133 | AH47: 242 | AI47: 856.46 | AJ47: 616.54 | AK47: -310 | AL47: -639 | AM47: 742
B50: Adjusted net income (R$ Mil) | D50: =D6 -> 2018 | E50: =E6 -> 2019 | F50: =F6 -> 2020 | G50: =G6 -> 2021 | H50: 2022 | I50: 2023 | J50: 2024 | K50: 2025 | L50: 1Q26 | N50: =N6 -> 1Q20 | O50: =O6 -> 2Q20 | P50: =P6 -> 3Q20 | Q50: =Q6 -> 4Q20 | R50: =R6 -> 1Q21 | S50: =S6 -> 2Q21 | T50: =T6 -> 3Q21 | U50: =U6 -> 4Q21 | ... W50: =W6 -> 2Q22 | X50: 3Q22 | Y50: 4Q22 | Z50: 1Q23 | AA50: 2Q23 | AB50: 3Q23 | AC50: 4Q23 | AD50: 1Q24 | AE50: 2Q24 | AF50: 3Q24 | AG50: 4Q24 | AH50: 1Q25 | AI50: 2Q25 | AJ50: 3Q25 | AK50: 4Q25 | AL50: 1Q26 | AM50: 2Q26
B51: Deferred Income tax (goodwill) | D51: =Português!D51 -> 0 | E51: =Português!E51 -> 0 | F51: =Português!F51 -> 0 | G51: =Português!G51 -> 0 | H51: =Português!H51 -> 71906 | I51: =Português!I51 -> 71724 | J51: 67600 | L51: 0 | N51: =Português!N51 -> 0 | O51: =Português!O51 -> 0 | P51: =Português!P51 -> 0 | Q51: =Português!Q51 -> 0 | R51: =Português!R51 -> 0 | S51: =Português!S51 -> 0 | T51: =Português!T51 -> 0 | U51: =Português!U51 -> 0 | ... AF51: =Português!AF51 -> 15000 | AG51: 16484 | AL51: 0 | AM51: 0
B52: M&A advisory¹ | D52: =Português!D52 -> 0 | E52: =Português!E52 -> 0 | F52: =Português!F52 -> 0 | G52: =Português!G52 -> 11080.08 | H52: =Português!H52 -> 9225.48 | I52: =Português!I52 -> 0 | J52: 0 | L52: 0 | N52: =Português!N52 -> 0 | O52: =Português!O52 -> 0 | P52: =Português!P52 -> 0 | Q52: =Português!Q52 -> 0 | R52: =Português!R52 -> 0 | S52: =Português!S52 -> 0 | T52: =Português!T52 -> 0 | U52: =Português!U52 -> 11080.08 | ... AF52: =Português!AF52 -> 0 | AL52: 0 | AM52: 0
B53: Salvador's pre-operating¹ | D53: =Português!D53 -> 0 | E53: =Português!E53 -> 0 | F53: =Português!F53 -> 0 | G53: =Português!G53 -> 2242.02 | H53: =Português!H53 -> 4693.5893 | I53: =Português!I53 -> 0 | J53: 0 | L53: 0 | N53: =Português!N53 -> 0 | O53: =Português!O53 -> 0 | P53: =Português!P53 -> 0 | Q53: =Português!Q53 -> 0 | R53: =Português!R53 -> 0 | S53: =Português!S53 -> 69.96 | T53: =Português!T53 -> 458.7 | U53: =Português!U53 -> 1713.36 | ... AF53: =Português!AF53 -> 0 | AL53: 0 | AM53: 0
B54: Nova Limas's pre-operating¹ | I54: =Português!I54 -> 0 | J54: 3475.2069 | L54: 0 | V54: =Português!V54 -> 0 | W54: =Português!W54 -> 0 | X54: =Português!X54 -> 0 | Y54: =Português!Y54 -> 0 | Z54: =Português!Z54 -> 0 | AA54: =Português!AA54 -> 0 | AB54: =Português!AB54 -> 0 | AC54: =Português!AC54 -> 0 | ... AF54: =Português!AF54 -> 2823.6582 | AL54: 0 | AM54: 0
B55: Impairment of assets | I55: =Português!I55 -> 0 | J55: 497814.24 | L55: 0 | V55: =Português!V55 -> 0 | W55: =Português!W55 -> 0 | X55: =Português!X55 -> 0 | Y55: =Português!Y55 -> 0 | Z55: =Português!Z55 -> 0 | AA55: =Português!AA55 -> 0 | AB55: =Português!AB55 -> 0 | AC55: =Português!AC55 -> 0 | ... AF55: =Português!AF55 -> 6680.52 | AL55: 0 | AM55: 0
B56: Contingencies reversal | H56: =Português!H56 -> 0 | I56: =Português!I56 -> 0 | J56: =0.66*J76 -> -48823.5 | L56: 0 | Z56: =Português!Z56 -> 0 | AA56: =Português!AA56 -> 0 | AB56: =Português!AB56 -> 0 | AC56: =Português!AC56 -> 0 | AD56: =Português!AD56 -> 0 | AE56: =Português!AE56 -> 0 | AF56: =Português!AF56 -> -48823.5 | AL56: 0 | AM56: 0
B57: Supplementary Provision for PS | L57: 3702.9207 | AL57: 3702.9207 | AM57: 0
B58: Adjusted Net income | D58: =D44+SUM(D51:D53) -> 124434.65 | E58: =E44+SUM(E51:E53) -> 138104 | F58: =F44+SUM(F51:F53) -> 72643 | G58: =G44+SUM(G51:G53) -> 160167.9 | H58: =H44+SUM(H51:H53) -> 208512.07 | I58: =I44+SUM(I51:I53) -> 212971 | J58: =J44+J51+J54+J55+J56 -> 196161.95 | K58: 111916 | L58: 36268.921 | N58: =N44+SUM(N51:N53) -> 15397 | O58: =O44+SUM(O51:O53) -> 6475.75 | P58: =P44+SUM(P51:P53) -> 36655 | Q58: =Q44+SUM(Q51:Q53) -> 14115.25 | R58: =R44+SUM(R51:R53) -> 26454 | S58: =S44+SUM(S51:S53) -> 53293.96 | T58: =T44+SUM(T51:T53) -> 44092.7 | U58: =U44+SUM(U51:U53) -> 36327.24 | ... AC58: =AC44+SUM(AC51:AC53) -> 46421 | AD58: =AD44+SUM(AD51:AD56) -> 63913 | AE58: =AE44+SUM(AE51:AE56) -> 51407.787 | AF58: =AF44+SUM(AF51:AF56) -> 56211.678 | AG58: 24629 | AH58: 20173 | AI58: 27090.665 | AJ58: 27482.335 | AK58: 37170 | AL58: 36268.921 | AM58: 44987
B59: % adjusted net margin | D59: =D58/$D$22 -> 0.19860101 | E59: =E58/E22 -> 0.18850211 | F59: =F58/F22 -> 0.10119369 | G59: =G58/G22 -> 0.15636617 | H59: =H58/H22 -> 0.11826231 | I59: =I58/I22 -> 0.097350828 | J59: =J58/J22 -> 0.088123027 | K59: 0.051448891 | L59: 0.063080991 | N59: =N58/N22 -> 0.090442373 | O59: =O58/O22 -> 0.044978061 | P59: =P58/P22 -> 0.18762989 | Q59: =Q58/Q22 -> 0.067768516 | R59: =R58/R22 -> 0.11666079 | S59: =S58/S22 -> 0.19817038 | T59: =T58/T22 -> 0.18341237 | U59: =U58/U22 -> 0.12603953 | ... AF59: =AF58/AF22 -> 0.098475141 | AG59: 0.050568949 | AH59: 0.040401107 | AI59: 0.049634146 | AJ59: 0.048396578 | AK59: 0.066103151 | AL59: 0.063080991 | AM59: 0.07331255
B60: Stock options¹ | D60: =Português!D60 -> 0 | E60: =Português!E60 -> 0 | F60: =Português!F60 -> 0 | G60: =Português!G60 -> 5650.92 | H60: =Português!H60 -> 5777.6466 | I60: =Português!I60 -> 7724.64 | J60: 5493.18 | N60: =Português!N60 -> 0 | O60: =Português!O60 -> 0 | P60: =Português!P60 -> 0 | Q60: =Português!Q60 -> 0 | R60: =Português!R60 -> 0 | S60: =Português!S60 -> 1845.36 | T60: =Português!T60 -> 1858.56 | U60: =Português!U60 -> 1947 | ... AF60: =Português!AF60 -> 1167.54 | AG60: 1168.86
B61: Adjusted Net income YTD | D61: =D58 -> 124434.65 | E61: =E58 -> 138104 | F61: =F58 -> 72643 | G61: =G58+G60 -> 165818.82 | H61: =H58+H60 -> 214289.72 | I61: =I58+I60 -> 220695.64 | J61: 250478.63 | K61: 111916 | L61: 36268.921
B62: % adjusted net margin | D62: =D61/D22 -> 0.19860101 | E62: =E61/E22 -> 0.18850211 | F62: =F61/F22 -> 0.10119369 | G62: =G61/G22 -> 0.16188296 | H62: =H61/H22 -> 0.12153924 | I62: =I61/I22 -> 0.10088183 | J62: 0.11252404 | K62: 0.051448891 | L62: 0.063080991
B63: ¹adjustments are net of income tax at the rate of 34%
B65: EBITDA (R$ Thousands) | D65: =D16 -> 2018 | E65: =E16 -> 2019 | F65: =F16 -> 2020 | G65: =G16 -> 2021 | H65: 2022 | I65: 2023 | J65: 2024 | K65: 2025 | L65: 1Q26 | N65: =N16 -> 1Q20 | O65: =O16 -> 2Q20 | P65: =P16 -> 3Q20 | Q65: =Q16 -> 4Q20 | R65: =R16 -> 1Q21 | S65: =S16 -> 2Q21 | T65: =T16 -> 3Q21 | U65: =U16 -> 4Q21 | ... W65: =W16 -> 2Q22 | X65: 3Q22 | Y65: 4Q22 | Z65: 1Q23 | AA65: 2Q23 | AB65: 3Q23 | AC65: 4Q23 | AD65: 1Q24 | AE65: 2Q24 | AF65: 3Q24 | AG65: 4Q24 | AH65: 1Q25 | AI65: 2Q25 | AJ65: 3Q25 | AK65: 4Q25 | AL65: 1Q26 | AM65: 2Q26
B66: Net income | D66: =D44 -> 124434.65 | E66: =E44 -> 138104 | F66: =F44 -> 72643 | G66: =G44 -> 146845.8 | H66: =H44 -> 122687 | I66: =I44 -> 141247 | J66: -323904 | K66: 111916 | L66: 32566 | N66: =N44 -> 15397 | O66: =O44 -> 6475.75 | P66: =P44 -> 36655 | Q66: =Q44 -> 14115.25 | R66: =R44 -> 26454 | S66: =S44 -> 53224 | T66: =T44 -> 43634 | U66: =U44 -> 23533.8 | ... AF66: =AF44 -> 80531 | AG66: 8145 | AH66: 20173 | AI66: 27090.665 | AJ66: 27482.335 | AK66: 37170 | AL66: 32566 | AM66: 44987
B67: Income Tax and Social Contribution | D67: =-D43 -> 65972 | E67: =-E43 -> 72994 | F67: =-F43 -> 30119 | G67: =-G43 -> 73634 | H67: =-H43 -> 63147 | I67: =-I43 -> 67546 | J67: -174706 | K67: 55169 | L67: 18528 | N67: =-N43 -> 7659 | O67: =-O43 -> 3335 | P67: =-P43 -> 18341 | Q67: =-Q43 -> 784 | R67: =-R43 -> 13123 | S67: =-S43 -> 26998 | T67: =-T43 -> 21972 | U67: =-U43 -> 11541 | ... AF67: =-AF43 -> 41290 | AG67: 7510 | AH67: 10001 | AI67: 14486 | AJ67: 15119 | AK67: 15563 | AL67: 18528 | AM67: 21650
B68: Financial result | D68: =-D41 -> -6011 | E68: =-E41 -> -139 | F68: =-F41 -> 14040 | G68: =-G41 -> 21788 | H68: =-H41 -> 152068 | I68: =-I41 -> 214816 | J68: 162763 | K68: 186640 | L68: 44381 | N68: =-N41 -> 4708 | O68: =-O41 -> 3968 | P68: =-P41 -> 1033 | Q68: =-Q41 -> 4331 | R68: =-R41 -> 13693 | S68: =-S41 -> 3558 | T68: =-T41 -> -5697 | U68: =-U41 -> 10234 | ... AF68: =-AF41 -> 31857 | AG68: 34992 | AH68: 39140 | AI68: 46419 | AJ68: 55504 | AK68: 45577 | AL68: 44381 | AM68: 42621
B69: Depreciation and amortization | D69: =Português!D69 -> 36309 | E69: =Português!E69 -> 46887 | F69: =Português!F69 -> 38496 | G69: =Português!G69 -> 40778 | H69: =Português!H69 -> 90072 | I69: =Português!I69 -> 102002 | J69: 109041 | K69: 111105 | L69: 28876 | N69: =Português!N69 -> 9191 | O69: =Português!O69 -> 9873 | P69: =Português!P69 -> 9847 | Q69: =Português!Q69 -> 9585 | R69: =Português!R69 -> 8818 | S69: =Português!S69 -> 9144 | T69: =Português!T69 -> 9229 | U69: =Português!U69 -> 13587 | ... AF69: =Português!AF69 -> 27244 | AG69: 26888 | AH69: 27266 | AI69: 27198.335 | AJ69: 27755.665 | AK69: 28885 | AL69: 28876 | AM69: 29336
B70: EBITDA | D70: =SUM(D66:D69) -> 220704.65 | E70: =SUM(E66:E69) -> 257846 | F70: =SUM(F66:F69) -> 155298 | G70: =SUM(G66:G69) -> 283045.8 | H70: =SUM(H66:H69) -> 427974 | I70: =SUM(I66:I69) -> 525611 | J70: -226806 | K70: 464830 | L70: 124351 | N70: =SUM(N66:N69) -> 36955 | O70: =SUM(O66:O69) -> 23651.75 | P70: =SUM(P66:P69) -> 65876 | Q70: =SUM(Q66:Q69) -> 28815.25 | R70: =SUM(R66:R69) -> 62088 | S70: =SUM(S66:S69) -> 92924 | T70: =SUM(T66:T69) -> 69138 | U70: =SUM(U66:U69) -> 58895.8 | ... AF70: =SUM(AF66:AF69) -> 180922 | AG70: 77535 | AH70: 96580 | AI70: 115194 | AJ70: 125861 | AK70: 127195 | AL70: 124351 | AM70: 138594
B71: EBITDA Margin (%) | D71: =IFERROR(D70/D22,"") -> 0.35225048 | E71: =IFERROR(E70/E22,"") -> 0.35194141 | F71: =IFERROR(F70/F22,"") -> 0.21633436 | G71: =IFERROR(G70/G22,"") -> 0.27632745 | H71: =IFERROR(H70/H22,"") -> 0.24273509 | I71: =IFERROR(I70/I22,"") -> 0.24026119 | J71: -0.10188944 | K71: 0.21368694 | L71: 0.21627841 | N71: =IFERROR(N70/N22,"") -> 0.21707462 | O71: =IFERROR(O70/O22,"") -> 0.16427593 | P71: =IFERROR(P70/P22,"") -> 0.33720656 | Q71: =IFERROR(Q70/Q22,"") -> 0.13834447 | R71: =IFERROR(R70/R22,"") -> 0.2738049 | S71: =IFERROR(S70/S22,"") -> 0.34553229 | T71: =IFERROR(T70/T22,"") -> 0.28759328 | U71: =IFERROR(U70/U22,"") -> 0.2043425 | ... AF71: =IFERROR(AF70/AF22,"") -> 0.3169505 | AG71: 0.15919702 | AH71: 0.19342383 | AI71: 0.211 | AJ71: 0.22164207 | AK71: 0.22620367 | AL71: 0.21627841 | AM71: 0.22585813
B72: M&A advisory | D72: =Português!D72 -> 0 | E72: =Português!E72 -> 0 | F72: =Português!F72 -> 0 | G72: =Português!G72 -> 16788 | H72: =Português!H72 -> 13978 | I72: =Português!I72 -> 0 | J72: 0 | K72: 0 | L72: 0 | N72: =Português!N72 -> 0 | O72: =Português!O72 -> 0 | P72: =Português!P72 -> 0 | Q72: =Português!Q72 -> 0 | R72: =Português!R72 -> 0 | S72: =Português!S72 -> 0 | T72: =Português!T72 -> 0 | U72: =Português!U72 -> 16788 | ... AF72: =Português!AF72 -> 0 | AG72: 0 | AJ72: 0 | AK72: 0 | AL72: 0 | AM72: 0
B73: Salvador's pre-operating | D73: =Português!D73 -> 0 | E73: =Português!E73 -> 0 | F73: =Português!F73 -> 0 | G73: =Português!G73 -> 3397 | H73: =Português!H73 -> 7111.499 | I73: =Português!I73 -> 0 | J73: 0 | K73: 0 | L73: 0 | N73: =Português!N73 -> 0 | O73: =Português!O73 -> 0 | P73: =Português!P73 -> 0 | Q73: =Português!Q73 -> 0 | R73: =Português!R73 -> 0 | S73: =Português!S73 -> 106 | T73: =Português!T73 -> 695 | U73: =Português!U73 -> 2596 | ... AF73: =Português!AF73 -> 0 | AG73: 0 | AJ73: 0 | AK73: 0 | AL73: 0 | AM73: 0
B74: Nova Limas's pre-operating | D74: =Português!D74 -> 0 | E74: =Português!E74 -> 0 | F74: =Português!F74 -> 0 | G74: =Português!G74 -> 0 | H74: =Português!H74 -> 0 | I74: =Português!I74 -> 0 | J74: 5265.465 | K74: 0 | L74: 0 | V74: =Português!V74 -> 0 | W74: =Português!W74 -> 0 | X74: =Português!X74 -> 0 | Y74: =Português!Y74 -> 0 | Z74: =Português!Z74 -> 0 | AA74: =Português!AA74 -> 0 | AB74: =Português!AB74 -> 0 | AC74: =Português!AC74 -> 0 | ... AF74: =Português!AF74 -> 4279 | AJ74: 0 | AK74: 0 | AL74: 0 | AM74: 0
B75: Impairment of assets | D75: =Português!D75 -> 0 | E75: =Português!E75 -> 0 | F75: =Português!F75 -> 0 | G75: =Português!G75 -> 0 | H75: =Português!H75 -> 0 | I75: =Português!I75 -> 0 | J75: 754264 | K75: 0 | L75: 0 | V75: =Português!V75 -> 0 | W75: =Português!W75 -> 0 | X75: =Português!X75 -> 0 | Y75: =Português!Y75 -> 0 | Z75: =Português!Z75 -> 0 | AA75: =Português!AA75 -> 0 | AB75: =Português!AB75 -> 0 | AC75: =Português!AC75 -> 0 | ... AF75: =Português!AF75 -> 10122 | AJ75: 0 | AK75: 0 | AL75: 0 | AM75: 0
B76: Contingencies reversal | H76: =Português!H76 -> 0 | I76: =Português!I76 -> 0 | J76: -73975 | K76: 0 | L76: 0 | N76: =Português!N76 -> 0 | O76: =Português!O76 -> 0 | P76: =Português!P76 -> 0 | Q76: =Português!Q76 -> 0 | R76: =Português!R76 -> 0 | S76: =Português!S76 -> 0 | T76: =Português!T76 -> 0 | U76: =Português!U76 -> 0 | ... AF76: =Português!AF76 -> -73975 | AJ76: 0 | AK76: 0 | AL76: 0 | AM76: 0
B77: Supplementary Provision for PS | L77: 5610.4859 | AL77: 5610.4859 | AM77: 0
B78: Adjusted EBITDA | D78: =SUM(D70,D72:D73) -> 220704.65 | E78: =SUM(E70,E72:E73) -> 257846 | F78: =SUM(F70,F72:F73) -> 155298 | G78: =SUM(G70,G72:G73) -> 303230.8 | H78: =SUM(H70,H72:H76) -> 449063.5 | I78: =SUM(I70,I72:I76) -> 525611 | J78: 458748.46 | K78: 464830 | L78: 129961.49 | N78: =SUM(N70,N80,N73) -> 36955 | O78: =SUM(O70,O80,O73) -> 23651.75 | P78: =SUM(P70,P80,P73) -> 65876 | Q78: =SUM(Q70,Q80,Q73) -> 28815.25 | R78: =SUM(R70,R80,R73) -> 62088 | S78: =SUM(S70,S80,S73) -> 95826 | T78: =SUM(T70,T80,T73) -> 72649 | U78: =SUM(U70,U72:U73) -> 78279.8 | V78: =SUM(V70,V72:V73) -> 87021.15 | W78: =SUM(W70,W72:W73) -> 120402.42 | X78: =SUM(X70,X72:X73) -> 119808.42 | Y78: =SUM(Y70,Y72:Y73) -> 121831.52 | Z78: =SUM(Z70,Z72:Z76) -> 131868 | AA78: =SUM(AA70,AA72:AA76) -> 146987 | AB78: =SUM(AB70,AB72:AB76) -> 134254 | AC78: =SUM(AC70,AC72:AC76) -> 112502 | AD78: =SUM(AD70,AD72:AD76) -> 139541 | AE78: =SUM(AE70,AE72:AE76) -> 120324.46 | AF78: =SUM(AF70,AF72:AF76) -> 121348 | AG78: 77535 | AH78: 96580 | AI78: 115194 | AJ78: 125861 | AK78: 127195 | AL78: 129961.49 | AM78: 138594
B79: Adjusted EBITDA Margin (%) | D79: =IFERROR(D78/D22,"") -> 0.35225048 | E79: =IFERROR(E78/E22,"") -> 0.35194141 | F79: =IFERROR(F78/F22,"") -> 0.21633436 | G79: =IFERROR(G78/G22,"") -> 0.29603334 | H79: =IFERROR(H78/H22,"") -> 0.25469647 | I79: =IFERROR(I78/I22,"") -> 0.24026119 | J79: 0.20608637 | K79: 0.21368694 | L79: 0.22603649 | N79: =IFERROR(N78/N22,"") -> 0.21707462 | O79: =IFERROR(O78/O22,"") -> 0.16427593 | P79: =IFERROR(P78/P22,"") -> 0.33720656 | Q79: =IFERROR(Q78/Q22,"") -> 0.13834447 | R79: =IFERROR(R78/R22,"") -> 0.2738049 | S79: =IFERROR(S78/S22,"") -> 0.35632321 | T79: =IFERROR(T78/T22,"") -> 0.30219799 | U79: =IFERROR(U78/U22,"") -> 0.27159645 | ... AF79: =IFERROR(AF78/AF22,"") -> 0.21258503 | AG79: 0.15919702 | AH79: 0.19342383 | AI79: 0.211 | AJ79: 0.22164207 | AK79: 0.22620367 | AL79: 0.22603649 | AM79: 0.22585813
B80: Stock options | D80: =Português!D80 -> 0 | E80: =Português!E80 -> 0 | F80: =Português!F80 -> 0 | G80: =Português!G80 -> 8562 | H80: =Português!H80 -> 11704 | I80: =Português!I80 -> 11704 | J80: 8323 | N80: =Português!N80 -> 0 | O80: =Português!O80 -> 0 | P80: =Português!P80 -> 0 | Q80: =Português!Q80 -> 0 | R80: =Português!R80 -> 0 | S80: =Português!S80 -> 2796 | T80: =Português!T80 -> 2816 | U80: =Português!U80 -> 2950 | ... AF80: =Português!AF80 -> 1769 | AG80: 1771 | AM80: 0
B81: Adjusted EBITDA YTD | D81: =D78 -> 220704.65 | E81: =E78 -> 257846 | F81: =F78 -> 155298 | G81: =G78+G80 -> 311792.8 | H81: =H78+H80 -> 460767.5 | I81: =I78+I80 -> 537315 | J81: 467071.46 | K81: 464830 | L81: 129961.49
B82: Adjusted EBITDA Margin (%) | D82: =IFERROR(D81/D22,"") -> 0.35225048 | E82: =IFERROR(E81/E22,"") -> 0.35194141 | F82: =IFERROR(F81/F22,"") -> 0.21633436 | G82: =IFERROR(G81/G22,"") -> 0.30439211 | H82: =IFERROR(H81/H22,"") -> 0.26133466 | I82: =IFERROR(I81/I22,"") -> 0.24561119 | J82: 0.20982536 | K82: 0.21368694 | L82: 0.22603649
B84: Balance Sheet (R$ Thousands) - Consolidated | D84: 12/31/2018 | E84: 12/31/2019 | F84: 12/31/2020 | G84: 12/31/2021 | H84: 12/31/2022 | I84: 12/31/2023 | J84: 12/31/2024 | K84: 46022 | L84: 46112 | N84: 03/31/2020 | O84: 06/30/2020 | P84: 09/30/2020 | Q84: 12/31/2020 | R84: 03/31/2021 | S84: 06/30/2021 | T84: 09/30/2021 | U84: 12/31/2021 | V84: 03/31/2022 | W84: 03/31/2022 | X84: 09/30/2022 | Y84: 12/31/2022 | Z84: 03/31/2023 | AA84: 06/30/2023 | AB84: 09/30/2023 | AC84: 12/31/2023 | AD84: 03/31/2024 | AE84: 06/30/2024 | AF84: 09/30/2024 | AG84: 12/31/2024 | AH84: 03/31/2025 | AI84: 06/30/2025 | AJ84: 09/30/2025 | AK84: 46022 | AL84: 46112 | AM84: 46203
B85: Assets
B86: Current
B87: Cash and cash equivalents | D87: =Português!D87 -> 173020 | E87: =Português!E87 -> 123671 | F87: =Português!F87 -> 121207 | G87: =Português!G87 -> 1000200 | H87: =Português!H87 -> 246414 | I87: =Português!I87 -> 227302 | J87: 622581 | K87: 599130 | L87: 556803 | N87: =Português!N87 -> 151052 | O87: =Português!O87 -> 141115 | P87: =Português!P87 -> 109734 | Q87: =Português!Q87 -> 121207 | R87: =Português!R87 -> 76680 | S87: =Português!S87 -> 871556 | T87: =Português!T87 -> 865895 | U87: =Português!U87 -> 1000200 | ... AF87: =Português!AF87 -> 704454 | AG87: 622581 | AH87: 616113 | AI87: 613537 | AJ87: 654027 | AK87: 599130 | AL87: 556803 | AM87: 599902
B88: Short-term Investments | D88: =Português!D88 -> 113264 | E88: =Português!E88 -> 137529 | F88: =Português!F88 -> 149603 | G88: =Português!G88 -> 278367 | H88: =Português!H88 -> 131884 | I88: =Português!I88 -> 91831 | J88: 52735 | K88: 26328 | L88: 27168 | N88: =Português!N88 -> 146785 | O88: =Português!O88 -> 170097 | P88: =Português!P88 -> 172141 | Q88: =Português!Q88 -> 149603 | R88: =Português!R88 -> 151288 | S88: =Português!S88 -> 512942 | T88: =Português!T88 -> 487562 | U88: =Português!U88 -> 278367 | ... AF88: =Português!AF88 -> 51460 | AG88: 52735 | AH88: 54300 | AI88: 24676 | AJ88: 25516 | AK88: 26328 | AL88: 27168 | AM88: 27928
B89: Accounts receivable | D89: =Português!D89 -> 155303 | E89: =Português!E89 -> 233024 | F89: =Português!F89 -> 256252 | G89: =Português!G89 -> 391222 | H89: =Português!H89 -> 609347 | I89: =Português!I89 -> 798581 | J89: 662537 | K89: 717064 | L89: 768819 | N89: =Português!N89 -> 206507.25 | O89: =Português!O89 -> 207594 | P89: =Português!P89 -> 221095 | Q89: =Português!Q89 -> 256252 | R89: =Português!R89 -> 267797 | S89: =Português!S89 -> 309511 | T89: =Português!T89 -> 289735 | U89: =Português!U89 -> 391222 | ... AF89: =Português!AF89 -> 653957 | AG89: 662537 | AH89: 688276 | AI89: 724418 | AJ89: 742217 | AK89: 717064 | AL89: 768819 | AM89: 770137
B90: Inventories | D90: =Português!D90 -> 13157 | E90: =Português!E90 -> 15642 | F90: =Português!F90 -> 20109 | G90: =Português!G90 -> 35339 | H90: =Português!H90 -> 64286 | I90: =Português!I90 -> 63165 | J90: 49757 | K90: 71785 | L90: 78882 | N90: =Português!N90 -> 20718 | O90: =Português!O90 -> 23444 | P90: =Português!P90 -> 22836 | Q90: =Português!Q90 -> 20109 | R90: =Português!R90 -> 27857 | S90: =Português!S90 -> 34282 | T90: =Português!T90 -> 27168 | U90: =Português!U90 -> 35339 | ... AF90: =Português!AF90 -> 48183 | AG90: 49757 | AH90: 62268 | AI90: 53674 | AJ90: 64261 | AK90: 71785 | AL90: 78882 | AM90: 75387
B91: Derivatives | D91: =Português!D91 -> 0 | E91: =Português!E91 -> 0 | F91: =Português!F91 -> 4585 | G91: =Português!G91 -> 979 | H91: =Português!H91 -> 0 | I91: =Português!I91 -> 1054 | J91: 0 | K91: 0 | L91: 0 | N91: =Português!N91 -> 6540 | O91: =Português!O91 -> 7222 | P91: =Português!P91 -> 5950 | Q91: =Português!Q91 -> 4585 | R91: =Português!R91 -> 3923 | S91: =Português!S91 -> 1225 | T91: =Português!T91 -> 1208 | U91: =Português!U91 -> 979 | ... AF91: =Português!AF91 -> 0 | AG91: 0 | AH91: 0 | AI91: 0 | AK91: 0 | AL91: 0 | AM91: 0
B92: Construction Reimbursement | D92: =Português!D92 -> 0 | E92: =Português!E92 -> 0 | F92: =Português!F92 -> 0 | G92: =Português!G92 -> 32500 | H92: =Português!H92 -> 35769 | I92: =Português!I92 -> 38143 | J92: 41357 | K92: 43195 | L92: 43661 | N92: =Português!N92 -> 0 | O92: =Português!O92 -> 0 | P92: =Português!P92 -> 0 | Q92: =Português!Q92 -> 0 | R92: =Português!R92 -> 22386 | S92: =Português!S92 -> 32500 | T92: =Português!T92 -> 32500 | U92: =Português!U92 -> 32500 | ... AF92: =Português!AF92 -> 40703 | AG92: 41357 | AH92: 41800 | AI92: 42248 | AJ92: 42710 | AK92: 43195 | AL92: 43661 | AM92: 44128
B93: Construction assets to be deployed | D93: 0 | E93: 0 | F93: 0 | G93: 0 | H93: =Português!H93 -> 23528 | I93: =Português!I93 -> 0 | J93: 0 | K93: 0 | R93: 0 | S93: 0 | T93: 0 | U93: 0 | V93: =Português!V93 -> 15827 | W93: =Português!W93 -> 12401 | X93: =Português!X93 -> 19621 | Y93: =Português!Y93 -> 23528 | Z93: =Português!Z93 -> 11868 | AA93: =Português!AA93 -> 5610 | AB93: =Português!AB93 -> 4875 | AC93: =Português!AC93 -> 0 | ... AF93: =Português!AF93 -> 0 | AG93: 0 | AH93: 0 | AI93: 0 | AK93: 0 | AM93: 0
B94: Other current assets | D94: =Português!D94 -> 7105 | E94: =Português!E94 -> 3194 | F94: =Português!F94 -> 3514 | G94: =Português!G94 -> 11104 | H94: =Português!H94 -> 48920 | I94: =Português!I94 -> 38097 | J94: 48735 | K94: 36591 | L94: 40072 | N94: =Português!N94 -> 4712 | O94: =Português!O94 -> 2820 | P94: =Português!P94 -> 3378 | Q94: =Português!Q94 -> 3514 | R94: =Português!R94 -> 9357 | S94: =Português!S94 -> 9742 | T94: =Português!T94 -> 8817 | U94: =Português!U94 -> 11104 | ... AF94: =Português!AF94 -> 45777 | AG94: 48735 | AH94: 56098 | AI94: 40963 | AJ94: 34198 | AK94: 36591 | AL94: 40072 | AM94: 43181
D95: =SUM(D87:D94) -> 461849 | E95: =SUM(E87:E94) -> 513060 | F95: =SUM(F87:F94) -> 555270 | G95: =SUM(G87:G94) -> 1749711 | H95: =SUM(H87:H94) -> 1160148 | I95: =SUM(I87:I94) -> 1258173 | J95: 1477702 | K95: 1494093 | L95: 1515405 | N95: =SUM(N87:N94) -> 536314.25 | O95: =SUM(O87:O94) -> 552292 | P95: =SUM(P87:P94) -> 535134 | Q95: =F95 -> 555270 | R95: =SUM(R87:R94) -> 559288 | S95: =SUM(S87:S94) -> 1771758 | T95: =SUM(T87:T94) -> 1712885 | U95: =SUM(U87:U94) -> 1749711 | V95: =SUM(V87:V94) -> 1423759 | W95: =SUM(W87:W94) -> 1211705.4 | X95: =SUM(X87:X94) -> 1209004 | Y95: =SUM(Y87:Y94) -> 1160148 | ... AB95: =SUM(AB87:AB94) -> 1308895 | AC95: =I95 -> 1258173 | AD95: =SUM(AD87:AD94) -> 1285337 | AE95: =SUM(AE87:AE94) -> 1125002 | AF95: =SUM(AF87:AF94) -> 1544534 | AG95: 1477702 | AH95: 1518855 | AI95: 1499516 | AJ95: 1562929 | AK95: 1494093 | AL95: 1515405 | AM95: 1560663
B96: Available-for-sale assets | D96: 0 | E96: 0 | F96: 0 | G96: 0 | H96: 0 | I96: 0 | J96: 0 | K96: 0 | AD96: =Português!AD96 -> 0 | AE96: =Português!AE96 -> 988894 | AF96: =Português!AF96 -> 0 | AG96: 0 | AH96: 0 | AK96: 0 | AM96: 0
B97: Total current assets | D97: =D96+D95 -> 461849 | E97: =E96+E95 -> 513060 | F97: =F96+F95 -> 555270 | G97: =G96+G95 -> 1749711 | H97: =H96+H95 -> 1160148 | I97: =I96+I95 -> 1258173 | J97: 1477702 | K97: 1494093 | L97: 1515405 | N97: =SUM(N87:N94) -> 536314.25 | O97: =SUM(O87:O94) -> 552292 | P97: =SUM(P87:P94) -> 535134 | Q97: =SUM(Q87:Q94) -> 555270 | R97: =SUM(R87:R94) -> 559288 | S97: =SUM(S87:S94) -> 1771758 | T97: =SUM(T87:T94) -> 1712885 | U97: =SUM(U87:U94) -> 1749711 | V97: =V96+V95 -> 1423759 | W97: =W96+W95 -> 1211705.4 | X97: =X96+X95 -> 1209004 | Y97: =Y96+Y95 -> 1160148 | Z97: =Z96+Z95 -> 1148687 | AA97: =AA96+AA95 -> 1230241 | AB97: =AB96+AB95 -> 1308895 | AC97: =AC96+AC95 -> 1258173 | ... AF97: =AF96+AF95 -> 1544534 | AG97: 1477702 | AH97: 1518855 | AI97: 1499516 | AJ97: 1562929 | AK97: 1494093 | AL97: 1515405 | AM97: 1560663
B98: Non-current | J98: 0
B99: Construction Reimbursement | D99: =Português!D99 -> 0 | E99: =Português!E99 -> 0 | F99: =Português!F99 -> 0 | G99: =Português!G99 -> 134900 | H99: =Português!H99 -> 279841 | I99: =Português!I99 -> 305142 | J99: 289502 | K99: 259168 | L99: 251050 | N99: =Português!N99 -> 0 | O99: =Português!O99 -> 0 | P99: =Português!P99 -> 0 | Q99: =Português!Q99 -> 0 | R99: =Português!R99 -> 0 | S99: =Português!S99 -> 40317 | T99: =Português!T99 -> 96421 | U99: =Português!U99 -> 134900 | ... AF99: =Português!AF99 -> 295099 | AG99: 289502 | AH99: 282150 | AI99: 274563 | AJ99: 266937 | AK99: 259168 | AL99: 251050 | AM99: 242703
B100: Construction assets to be deployed | D100: =Português!D100 -> 0 | E100: =Português!E100 -> 0 | F100: =Português!F100 -> 52222 | G100: =Português!G100 -> 76980 | H100: =Português!H100 -> 0 | I100: =Português!I100 -> 0 | J100: 0 | K100: 0 | L100: 0 | N100: =Português!N100 -> 0 | O100: =Português!O100 -> 0 | P100: =Português!P100 -> 0 | Q100: =Português!Q100 -> 52222 | R100: =Português!R100 -> 51887 | S100: =Português!S100 -> 42048 | T100: =Português!T100 -> 41938 | U100: =Português!U100 -> 76980 | ... AF100: =Português!AF100 -> 0 | AG100: 0 | AH100: 0 | AK100: 0 | AL100: 0 | AM100: 0
B101: Judicial deposits | D101: =Português!D101 -> 14456 | E101: =Português!E101 -> 25065 | F101: =Português!F101 -> 27651 | G101: =Português!G101 -> 36649 | H101: =Português!H101 -> 56071 | I101: =Português!I101 -> 48138 | J101: 51177 | K101: 60666 | L101: 61392 | N101: =Português!N101 -> 25765 | O101: =Português!O101 -> 26223 | P101: =Português!P101 -> 27041 | Q101: =Português!Q101 -> 27651 | R101: =Português!R101 -> 28350 | S101: =Português!S101 -> 29348 | T101: =Português!T101 -> 31032 | U101: =Português!U101 -> 36649 | ... AF101: =Português!AF101 -> 50192 | AG101: 51177 | AH101: 53456 | AI101: 53881 | AJ101: 57390 | AK101: 60666 | AL101: 61392 | AM101: 63906
B102: Deferred taxes | D102: =Português!D102 -> 5556 | E102: =Português!E102 -> 12287 | F102: =Português!F102 -> 49782 | G102: =Português!G102 -> 76171 | H102: =Português!H102 -> 69551 | I102: =Português!I102 -> 58127 | J102: 229929 | K102: 234266 | L102: 233511 | N102: =Português!N102 -> 14715 | O102: =Português!O102 -> 16742 | P102: =Português!P102 -> 11487 | Q102: =Português!Q102 -> 49782 | R102: =Português!R102 -> 55350 | S102: =Português!S102 -> 63791 | T102: =Português!T102 -> 69627 | U102: =Português!U102 -> 76171 | ... AF102: =Português!AF102 -> 231274 | AG102: 229929 | AH102: 225364 | AI102: 224820 | AJ102: 231401 | AK102: 234266 | AL102: 233511 | AM102: 235189
B103: Derivatives | I103: =Português!I103 -> 9800 | J103: 0 | K103: 0 | AC103: =Português!AC103 -> 9800 | AD103: =Português!AD103 -> 4678 | AE103: =Português!AE103 -> 0 | AF103: =Português!AF103 -> 0 | AG103: 0 | AH103: 0 | AI103: 0 | AK103: 0 | AM103: 0
B104: Long-term investments | D104: =Português!D104 -> 35 | E104: =Português!E104 -> 35 | F104: =Português!F104 -> 35 | G104: =Português!G104 -> 40144 | H104: =Português!H104 -> 43626 | I104: =Português!I104 -> 18812 | J104: 14332 | K104: 11506 | L104: 10978 | N104: =Português!N104 -> 35 | O104: =Português!O104 -> 35 | P104: =Português!P104 -> 35 | Q104: =Português!Q104 -> 35 | R104: =Português!R104 -> 35 | S104: =Português!S104 -> 35 | T104: =Português!T104 -> 35 | U104: =Português!U104 -> 40144 | ... AF104: =Português!AF104 -> 15773 | AG104: 14332 | AH104: 12393 | AI104: 12174 | AJ104: 11837 | AK104: 11506 | AL104: 10978 | AM104: 10879
B105: Investment properties | D105: =Português!D105 -> 64602 | E105: =Português!E105 -> 63772 | F105: =Português!F105 -> 0 | G105: =Português!G105 -> 0 | H105: =Português!H105 -> 0 | I105: =Português!I105 -> 0 | J105: 0 | K105: 0 | N105: =Português!N105 -> 63564 | O105: =Português!O105 -> 63355 | P105: =Português!P105 -> 63149 | Q105: =Português!Q105 -> 0 | R105: =Português!R105 -> 0 | S105: =Português!S105 -> 0 | T105: =Português!T105 -> 0 | U105: =Português!U105 -> 0 | ... AF105: =Português!AF105 -> 0 | AG105: 0 | AH105: 0 | AI105: 0 | AK105: 0 | AM105: 0
B106: Right-of-use | D106: =Português!D106 -> 0 | E106: =Português!E106 -> 3091 | F106: =Português!F106 -> 400435 | G106: =Português!G106 -> 548519 | H106: =Português!H106 -> 719828 | I106: =Português!I106 -> 753232 | J106: 656637 | K106: 665852 | L106: 680173 | N106: =Português!N106 -> 7123 | O106: =Português!O106 -> 6363 | P106: =Português!P106 -> 5604 | Q106: =Português!Q106 -> 400435 | R106: =Português!R106 -> 396376 | S106: =Português!S106 -> 392320 | T106: =Português!T106 -> 388264 | U106: =Português!U106 -> 548519 | ... AF106: =Português!AF106 -> 662899 | AG106: 656637 | AH106: 674020 | AI106: 676384 | AJ106: 675117 | AK106: 665852 | AL106: 680173 | AM106: 680152
B107: Property and Equipment (Fixed assets) | D107: =Português!D107 -> 645255 | E107: =Português!E107 -> 697849 | F107: =Português!F107 -> 95640 | G107: =Português!G107 -> 249977 | H107: =Português!H107 -> 666011 | I107: =Português!I107 -> 764594 | J107: 840594 | K107: 811604 | L107: 793001 | N107: =Português!N107 -> 703917 | O107: =Português!O107 -> 704942 | P107: =Português!P107 -> 714406 | Q107: =Português!Q107 -> 95640 | R107: =Português!R107 -> 101059 | S107: =Português!S107 -> 104520 | T107: =Português!T107 -> 156430 | U107: =Português!U107 -> 249977 | ... AF107: =Português!AF107 -> 835309 | AG107: 840594 | AH107: 832274 | AI107: 816386 | AJ107: 814564 | AK107: 811604 | AL107: 793001 | AM107: 797835
B108: Intangible assets | D108: =Português!D108 -> 6593 | E108: =Português!E108 -> 5148 | F108: =Português!F108 -> 2894 | G108: =Português!G108 -> 1177727 | H108: =Português!H108 -> 1844301 | I108: =Português!I108 -> 1853209 | J108: 730289 | K108: 730498 | L108: 730070 | N108: =Português!N108 -> 4717 | O108: =Português!O108 -> 4273 | P108: =Português!P108 -> 4235 | Q108: =Português!Q108 -> 2894 | R108: =Português!R108 -> 2989 | S108: =Português!S108 -> 5174 | T108: =Português!T108 -> 7709 | U108: =Português!U108 -> 1177727 | ... AF108: =Português!AF108 -> 728753 | AG108: 730289 | AH108: 729901 | AI108: 731672 | AJ108: 730981 | AK108: 730498 | AL108: 730070 | AM108: 729605
...
